 Dungeon Crawl Stone Soup version 0.24-a0-246-gb963c9a (webtiles) character file.

Game seed: 10316517129413936838

1393048 Namnaref the Conqueror (level 27, 199/199 HPs)
             Began as a Gargoyle Berserker on Apr 10, 2019.
             Was the Champion of the Shining One.
             Got out of the dungeon
             ... with 15 runes on Apr 12, 2019!
             The game lasted 12:48:58 (100369 turns).

Namnaref the Conqueror (Gargoyle Berserker)       Turns: 100369, Time: 12:48:59

Health: 199/199    AC: 62    Str: 26    XL:     27
Magic:  42/42      EV: 17    Int: 19    God:    the Shining One [******]
Gold:   13845      SH: 34    Dex: 18    Spells: 6/56 levels left

rFire    + + +     SeeInvis .   h - +9 sacred scourge (holy)
rCold    + + .     Gourm    .   x - +2 large shield
rNeg     + + +     Faith    .   k - +12 gold dragon scales
rPois    ∞         Spirit   +   H - +0 hat {MR+}
rElec    +         Reflect  +   L - scarf {Spirit}
rCorr    .         Harm     .   M - +2 pair of gloves {Str+3}
MR       +++..     Clarity  +   D - +2 pair of boots {run}
Stlth    ..........             q - brooch of Shielding {Reflect SH+8}
HPRegen  0.43/turn              B - ring of Nozoto {rF++ rC+ EV+2 Dex+4}
MPRegen  0.28/turn              y - ring of the Harvest {Dex+3 Slay+6 Stlth-}

@: flying, glowing, quick
A: big wings, horns 1, molten scales 1, slimy green scales 1, thin skeletal
structure 1, blink, clarity, deformed body, negative energy resistance 1,
electricity resistance, unbreathing, petrification resistance, rot immunity,
subdued magic 1, MP-powered wands, AC +20
}: 15/15 runes: barnacled, slimy, silver, golden, iron, obsidian, icy, bone,
abyssal, demonic, glowing, magical, fiery, dark, gossamer
a: Stop Flying, Blink, Divine Shield, Cleansing Flame, Summon Divine Warrior,
Renounce Religion


You escaped.
You worshipped the Shining One.
The Shining One was exalted by your worship.
You were not hungry.

You visited 18 branches of the dungeon, and saw 90 of its levels.
You visited Pandemonium 4 times, and saw 11 of its levels.
You visited the Abyss 3 times.
You visited 1 bazaar.
You also visited: Trove, Gauntlet and Ice Cave.

You collected 17279 gold pieces.
You spent 3434 gold pieces at shops.

Inventory:

Hand Weapons
 a - the +7 hunting sling "Arocs" {venom, Dex+2}
   (You found it on level 5 of the Pits of Slime)

   It poisons the ammo it fires.
   It affects your dexterity (+2).
 b - a +9 broad axe of flaming
 h - a +9 sacred scourge of holy wrath (weapon)
 w - a +9 antimagic eveningstar
Missiles
 l - 496 sling bullets
 A - 4 javelins of penetration
 T - 19 javelins (quivered)
 W - a throwing net
Armour
 k - +12 gold dragon scales (worn)
 x - a +2 large shield (worn)
 D - a +2 pair of boots of running (worn)
 F - the +4 moon troll leather armour {Spirit, Regen++ MP+5}
   (You took it off a deep elf elementalist on level 3 of the Elven Halls)

   It affects your magic capacity (+5).
   It increases your rate of regeneration.
 H - a +0 hat of magic resistance (worn)
 L - a scarf of spirit shield (worn)
 M - a +2 pair of gloves of strength (worn)
Jewellery
 q - the brooch of Shielding (around neck) {Reflect SH+8}
   (You found it on level 11 of the Dungeon)

   [amulet of reflection]

   It shields you and reflects attacks.
   It affects your SH (+8).
 y - the ring of the Harvest (right hand) {Dex+3 Slay+6 Stlth-}
   (You took it off a white draconian on level 3 of the Realm of Zot)

   [ring of attention]

   It affects your dexterity (+3).
   It affects your accuracy and damage with ranged weapons and melee attacks
   (+6).
   It makes you less stealthy.
 B - the ring of Nozoto (left hand) {rF++ rC+ EV+2 Dex+4}
   (You took it off a deep elf demonologist on level 3 of the Elven Halls)

   [ring of evasion]

   It affects your evasion (+2).
   It affects your dexterity (+4).
   It greatly protects you from fire.
   It protects you from cold.
Wands
 e - a wand of digging (4)
 m - a wand of polymorph (14)
 t - a wand of paralysis (27)
 O - a wand of iceblast (22)
 V - a wand of scattershot (5)
 X - a wand of acid (35)
Scrolls
 d - 11 scrolls of immolation
 f - 29 scrolls of remove curse
 g - a scroll of enchant weapon
 i - 17 scrolls of teleportation
 p - 14 scrolls of fog
 r - a scroll of brand weapon
 G - 24 scrolls of identify
 N - 14 scrolls of fear
 P - 11 scrolls of magic mapping
 Y - 5 scrolls of blinking
Potions
 j - 7 potions of ambrosia
 s - 5 potions of might
 u - 33 potions of curing
 v - 4 potions of cancellation
 z - 4 potions of resistance
 E - 9 potions of heal wounds
 U - 2 potions of haste
Miscellaneous
 o - 5 sacks of spiders
 C - a lightning rod (4/4)
 K - 9 phantom mirrors
 Q - 4 boxes of beasts
 R - a phial of floods
 S - a lamp of fire
Comestibles
 c - 66 rations


   Skills:
 O Level 27 Fighting
 + Level 19.9(24.0) Axes
 + Level 25.3(27) Maces & Flails
 - Level 15.1 Throwing
 - Level 21.0 Armour
 - Level 16.0 Dodging
 - Level 16.1 Stealth
 - Level 21.1 Shields
 - Level 15.0 Spellcasting
 - Level 19.0 Hexes
 - Level 9.3 Charms
 + Level 16.3 Translocations
 - Level 5.0 Transmutations
 - Level 14.0 Air Magic
 + Level 11.1 Earth Magic
 + Level 21.9 Invocations
 - Level 17.0 Evocations


You had 6 spell levels left.
You knew the following spells:

 Your Spells              Type           Power        Failure   Level  Hunger
a - Apportation           Tloc           ######       1%          1    None
b - Summon Butterflies    Summ           ##......     61%         1    None
c - Blink                 Tloc           N/A          1%          2    None
d - Song of Slaying       Chrm           #####...     2%          2    None
e - Swiftness             Chrm/Air       #####...     1%          2    None
f - Spectral Weapon       Hex/Chrm       ######..     1%          3    None
g - Lesser Beckoning      Tloc           ######....   1%          3    None
h - Passwall              Tmut/Erth      ####....     3%          2    None
i - Shroud of Golubria    Chrm/Tloc      #####.....   1%          2    None
j - Silence               Hex/Air        ######....   1%          5    ###....
k - Darkness              Hex            ######....   4%          6    #####..
l - Passage of Golubria   Tloc           N/A          1%          4    None
m - Controlled Blink      Tloc           N/A          100%        8    #######
n - Shatter               Erth           #####.....   100%        9    #######

Your spell library contained the following spells:

 Spells                   Type           Power        Failure   Level  Hunger
 Confusing Touch          Hex            ######       1%          1    None
 Corona                   Hex            ######.      1%          1    None
 Infusion                 Chrm           ####         1%          1    None
 Sandblast                Erth           #####.       1%          1    None
 Ensorcelled Hibernation  Hex/Ice        #####.       1%          2    None
 Slow                     Hex            ######..     1%          2    None
 Confuse                  Hex            ######..     1%          3    None
 Gell's Gravitas          Tloc           ######....   1%          3    None
 Portal Projectile        Hex/Tloc       ######       1%          3    None
 Teleport Other           Tloc           ######..     1%          3    None
 Tukima's Dance           Hex            ######..     1%          3    None
 Airstrike                Air            ######....   1%          4    None
 Cause Fear               Hex            ######....   1%          4    None
 Leda's Liquefaction      Hex/Erth       ######....   1%          4    None
 Shock                    Conj/Air       ####         3%          1    None
 Dazzling Spray           Conj/Hex       #####.       4%          3    None
 Inner Flame              Hex/Fire       #####...     4%          3    None
 Summon Guardian Golem    Hex/Summ       #####...     4%          3    None
 Invisibility             Hex            ######..     4%          6    #####..
 Poisonous Vapours        Pois/Air       ####..       6%          2    None
 Recall                   Summ/Tloc      N/A          8%          3    None
 Static Discharge         Conj/Air       ####....     13%         3    None
 Dispersal                Tloc           ######....   14%         6    #####..
 Fulminant Prism          Conj/Hex       #####.....   16%         4    None
 Yara's Violent Unravell  Hex/Tmut       #####.....   16%         5    ###....
 Lee's Rapid Deconstruct  Erth           #####.....   22%         5    ###....
 Stone Arrow              Conj/Erth      ####..       24%         3    None
 Force Lance              Conj/Tloc      ####....     26%         4    None
 Petrify                  Tmut/Erth      ####....     28%         4    None
 Mephitic Cloud           Conj/Pois/Air  ###.....     34%         3    None
 Ozocubu's Armour         Chrm/Ice       ###.....     34%         3    None
 Regeneration             Chrm/Necr      ###.......   34%         3    None
 Summon Lightning Spire   Summ/Air       ####....     41%         4    None
 Metabolic Englaciation   Hex/Ice        #####.....   41%         5    ###....
 Summon Mana Viper        Hex/Summ       #####...     41%         5    ###....
 Animate Skeleton         Necr           N/A          61%         1    None
 Flame Tongue             Conj/Fire      ##...        61%         1    None
 Freeze                   Ice            ##..         61%         1    None
 Magic Dart               Conj           ##..         61%         1    None
 Pain                     Necr           ##..         61%         1    None
 Sting                    Conj/Pois      ##..         61%         1    None
 Summon Small Mammal      Summ           ##..         61%         1    None
 Summon Forest            Summ/Tloc      ####......   61%         5    ###....
 Spider Form              Tmut/Pois      ###.......   63%         3    None
 Call Imp                 Summ           ##......     77%         2    None
 Corpse Rot               Necr           N/A          77%         2    None
 Searing Ray              Conj           ##....       77%         2    None
 Throw Flame              Conj/Fire      ##....       77%         2    None
 Throw Frost              Conj/Ice       ##....       77%         2    None
 Ignite Poison            Fire/Tmut/Pois ###.....     77%         3    None
 Lightning Bolt           Conj/Air       ####......   77%         5    ###....
 Borgnjor's Vile Clutch   Necr/Erth      ####......   93%         5    ###....
 Call Canine Familiar     Summ           ##......     94%         3    None
 Conjure Flame            Conj/Fire      ##......     94%         3    None
 Vampiric Draining        Necr           ##........   94%         3    None
 Ice Form                 Ice/Tmut       ###.....     96%         4    None
 Excruciating Wounds      Chrm/Necr      ###.......   98%         5    ###....
 Iskenderun's Battlesphe  Conj/Chrm      ###.....     98%         5    ###....
 Bolt of Magma            Conj/Fire/Erth ###.......   99%         5    ###....
 Animate Dead             Necr           N/A          100%        4    None
 Iskenderun's Mystic Bla  Conj           ##......     100%        4    None
 Olgreb's Toxic Radiance  Pois           ##......     100%        4    None
 Sticky Flame             Conj/Fire      ##......     100%        4    None
 Summon Ice Beast         Ice/Summ       ##......     100%        4    None
 Throw Icicle             Conj/Ice       ##......     100%        4    None
 Agony                    Necr           ##......     100%        5    ###....
 Alistair's Intoxication  Tmut/Pois      ###.....     100%        5    ###....
 Aura of Abjuration       Summ           ##........   100%        5    ###....
 Bolt of Draining         Conj/Necr      ##........   100%        5    ###....
 Dispel Undead            Necr           ##......     100%        5    ###....
 Fireball                 Conj/Fire      ##........   100%        5    ###....
 Irradiate                Conj/Tmut      ###.......   100%        5    ###....
 Summon Demon             Summ           ##........   100%        5    ###....
 Venom Bolt               Conj/Pois      ##........   100%        5    ###....
 Bolt of Fire             Conj/Fire      ##........   100%        6    #####..
 Death Channel            Necr           ##........   100%        6    #####..
 Freezing Cloud           Conj/Ice/Air   ###.......   100%        6    #####..
 Hydra Form               Tmut           ####......   100%        6    #####..
 Iron Shot                Conj/Erth      ####......   100%        6    #####..
 Shadow Creatures         Summ           N/A          100%        6    #####..
 Simulacrum               Ice/Necr       ##........   100%        6    #####..
 Dragon Form              Tmut           ####......   100%        7    ######.
 Haunt                    Necr/Summ      ##........   100%        7    ######.
 Malign Gateway           Summ/Tloc      ####......   100%        7    ######.
 Monstrous Menagerie      Summ           ##........   100%        7    ######.
 Orb of Destruction       Conj           ##........   100%        7    ######.
 Ring of Flames           Chrm/Fire      ###.......   100%        7    ######.
 Spellforged Servitor     Conj/Summ      ##........   100%        7    ######.
 Summon Greater Demon     Summ           ##........   100%        7    ######.
 Summon Hydra             Summ           ##........   100%        7    ######.
 Borgnjor's Revivificati  Necr           ##........   100%        8    #######
 Death's Door             Chrm/Necr      ###.......   100%        8    #######
 Disjunction              Tloc           ######....   100%        8    #######
 Ignition                 Fire           ##........   100%        8    #######
 Infestation              Necr           ##........   100%        8    #######
 Necromutation            Tmut/Necr      ###.......   100%        8    #######
 Summon Horrible Things   Summ           ##........   100%        8    #######
 Dragon's Call            Summ           ##........   100%        9    #######
 Tornado                  Air            ######....   100%        9    #######
 Sublimation of Blood     Necr           Unusable     N/A         2    N/A

Dungeon Overview and Level Annotations

Branches:
Dungeon (15/15)            Temple (1/1) D:4            Lair (6/6) D:9
 Shoals (4/4) Lair:4       Spider (4/4) Lair:3        Slime (5/5) Lair:6
    Orc (2/2) D:11            Elf (3/3) Orc:2        Vaults (5/5) D:13
  Crypt (3/3) Vaults:3       Tomb (3/3) Crypt:3      Depths (5/5) D:15
   Hell (1/1)                 Dis (7/7) Hell            Geh (7/7) Hell
    Coc (7/7) Hell            Tar (7/7) Hell            Zot (5/5) Depths:5

Altars:
Fedhas
Nemelex Xobeh
Uskayaw
Vehumet
Wu Jian
Yredelemnul
Zin
The Shining One
Beogh
Jiyva

Shops:
D:10 [   D:11 ?   D:15 !   Orc:2 ((?=   Shoals:3 %   Shoals:4 [   Vaults:2 !
Vaults:3 [   Depths:1 ?   Depths:3 *

Portals:
Hell: Depths:1 Depths:2 Depths:3 Depths:4 Depths:5
Abyss: Depths:1 Depths:4
Pandemonium: Depths:2 Depths:3 Depths:5
Ziggurat: Depths:2

Annotations:
Lair:4 exclusion: oklob plant


Innate Abilities, Weirdness & Mutations

You are resistant to torment.
Your stone body is resilient. (AC +20)
You are immune to poison.
Your large and strong wings let you fly indefinitely.
You resist negative energy. (rN+)
You are resistant to electric shocks. (rElec)
You can survive without breathing.
You are immune to petrification.
You are immune to rotting.
You have a pair of small horns on your head.
You are partially covered in molten scales. (AC +2)
You are partially covered in slimy green scales. (AC +2)
You have a somewhat thin skeletal structure. (Dex +2, Stealth)
You can translocate small distances at will.
You possess an exceptional clarity of mind.
Armour fits poorly on your strangely shaped body.
Your spells are a little easier to cast, but a little less powerful.
You expend magic power (3 MP) to strengthen your wands.


Message History

You see here a +0 whip.
You fly upwards.
There is a stone staircase leading down here.
Press: ? - help, v - describe, . - travel The floor.
This square is lit by a halo.
There is a staircase leading out of the dungeon here.
Are you sure you want to leave the Dungeon?
This will make you lose the game!
Alright, then stay!
Unknown command.
Unknown command.
Okay, then.
Unknown command.
Are you sure you want to leave the Dungeon?
This will make you lose the game!
Alright, then stay!
Unknown command.
Okay, then.
Unknown command.
Are you sure you want to leave the Dungeon?
This will make you lose the game!
You have escaped!

#....#.#.....#.#...#.........
#..###.#######.###.####.#####
#..#.............#.# #.#
#..#.#####.#####.#.####+#####
#..#.#...#.#...#.#.##........
#..###.###.###.###.#.........
#......#.....#.....#.........
#..###.###.###.###.#.........
#..#.#...#.#@..#.#...........
##.#.#####.#####.#...........
#...........................
###################.........
#......... #.........
#......... #.........
##........


There were no monsters in sight!

Vanquished Creatures
  Cerebov (Pan)
  Antaeus (Coc:7)
  Asmodeus (Geh:7)
  the Royal Jelly (Slime:5)
  Ereshkigal (Tar:7)
  Gloorx Vloq (Pan)
  Lom Lobon (Pan)
  A seraph (Pan)
  Mnoleg (Pan)
  Dispater (Dis:7)
  The ghost of Zanta616 the Peltast, a legendary DDFi of Makhleb (Zot:5)
  5 orbs of fire
  Mara (Spider:4)
  14 ancient liches
  33 greater mummies
  Sojobo (Depths:5)
  Boris (Depths:3)
  4 Killer Klowns
  Saint Roka (Depths:5)
  15 shard shrikes
  Geryon (Hell)
  Xtahua (Depths:3)
  4 curse toes
  A profane servitor (Abyss:2)
  Nikola (Spider:4)
  15 bone dragons
  7 golden dragons
  Arachne (Spider:2)
  4 electric golems
  3 pandemonium lords (Pan)
  2 pearl dragons (Pan)
  15 Brimstone Fiends
  8 doom hounds
  12 iron giants
  30 tentacled monstrosities
  33 Tzitzimimeh
  16 Hell Sentinels
  Jorgrun (D:15)
  Rupert (D:12)
  Asterion (Elf:1)
  10 Ice Fiends
  25 Orb Guardians (Zot:5)
  2 deep elf blademasters (Elf:3)
  8 titans
  15 liches
  6 quicksilver dragons
  9 death cobs
  23 acid blobs
  15 sphinxes
  6 tentacled starspawn
  6 eldritch tentacles
  Kirke (Elf:1)
  The ghost of Yolobob the Warrior, an adept MiFi of Gozag (Spider:2)
  22 ancient champions
  Gastronok (D:10)
  21 Executioners
  8 tengu reavers
  15 storm dragons
  11 shadow dragons
  15 daevas (Pan)
  Donald (Spider:4)
  An azure jelly (shapeshifter) (Vaults:5)
  5 draconian monks
  12 azure jellies
  6 revenants
  14 fire giants
  10 draconian knights
  12 iron dragons
  12 frost giants
  A ghost moth (shapeshifter) (Vaults:1)
  5 ghost moths
  13 cacodemons
  4 draconian scorchers
  4 emperor scorpions
  5 warmongers (Pan)
  9 deep elf sorcerers
  5 curse skulls
  10 vault wardens
  4 deep elf elementalists
  21 balrugs
  19 ironheart preservers
  11 ghouls
  7 draconian shifters
  A caustic shrike skeleton (Depths:4)
  68 reapers
  A draconian stormcaller (Zot:3)
  11 draconian annihilators
  21 angels (Pan)
  The ghost of Keaquaf the Bludgeoner, a journeyman OgBe of Trog (Lair:5)
  7 entropy weavers
  25 apis (Pan)
  4 spriggan defenders
  2 blood saints (Pan)
  2 elemental wellsprings
  A corrupter (Pan)
  21 war gargoyles
  9 very ugly things
  40 stone giants
  7 vampire knights
  7 deep elf demonologists
  8 green draconians
  16 ophanim (Pan)
  A lorocyproca (Dis:7)
  8 bennus
  5 black suns (Pan)
  A dire elephant (Zot:3)
  7 spark wasps
  8 eidola
  Azrael (Spider:1)
  16 purple draconians
  10 red draconians
  10 yellow draconians
  13 black draconians
  14 deep elf death magi
  6 deep elf annihilators
  7 white draconians
  28 blizzard demons
  20 ettins
  7 fire dragons
  A merfolk javelineer (Shoals:2)
  9 death oozes
  The ghost of Mocoenoa the Peltast, a journeyman MiFi of Wu Jian (Orc:1)
  6 jiangshi
  5 quicksilver dragon zombies
  14 merfolk impalers
  5 green deaths (Pan)
  21 mummy priests
  6 hydras
  A kraken zombie (Coc:7)
  24 great orbs of eyes
  3 quicksilver dragon skeletons
  14 yaktaur captains
  32 vault guards
  6 deep elf high priests
  Fannar (D:11)
  5 rakshasas
  6 monstrous demonspawn
  30 ice dragons
  9 spriggan air magi
  Harold (Lair:1)
  A hell beast (Depths:2)
  3 death knights
  2 ghost crabs
  8 centaur warriors
  3 catoblepae
  A queen ant (Spider:2)
  4 merfolk avatars
  15 ogre magi
  16 deep troll shamans
  An alligator snapping turtle (Shoals:4)
  3 merfolk aquamancers (Shoals:4)
  23 dancing weapons
  8 vampire magi
  7 hell hogs
  47 death scarabs
  14 deep troll earth magi
  44 two-headed ogres
  5 orc high priests
  3 tengu warriors
  6 titan zombies
  22 hell knights
  10 spriggan berserkers
  9 storm dragon zombies
  8 iron golems
  11 thrashing horrors
  43 soul eaters
  25 deep elf knights
  7 titan skeletons
  47 sun demons
  A fire crab (Lair:6)
  4 wretched stars
  163 skeletal warriors
  16 sixfirhies
  6 storm dragon skeletons
  3 golden dragon zombies
  A spatial maelstrom (Abyss:3)
  31 shadow wraiths
  3 ghost moth zombies
  20 iron trolls
  8 unseen horrors
  11 anaconda zombies
  3 torturous demonspawn (Pan)
  6 sea snakes
  43 starcursed masses
  3 death drakes
  A gelid demonspawn (Pan)
  An obsidian statue (Tomb:1)
  18 deep elf archers
  Pikel (D:4)
  25 flayed ghosts
  5 shadow dragon zombies
  A kraken simulacrum (Coc:5)
  17 shadow demons
  22 orc knights
  7 glowing orange brains
  13 wizards
  17 cherubim (Pan)
  29 phantasmal warriors
  28 deep trolls
  11 stone giant zombies
  3 wolf spider zombies
  3 golden dragon skeletons
  36 ugly things
  20 ironbrand convokers
  7 iron dragon zombies
  5 shadow dragon skeletons
  13 harpies
  15 necromancers
  48 wolf spiders
  2 orc sorcerers
  6 anaconda skeletons
  15 orb spiders
  62 deep elf magi
  5 shining eyes
  12 frost giant zombies
  5 worldbinders
  3 fire giant zombies
  13 manticores
  13 fauns
  11 elephants
  31 moths of wrath
  22 cyclopes
  3 black mambas
  2 stone giant skeletons
  Joseph (Lair:1)
  A salamander (Depths:1)
  8 fire giant skeletons
  A salamander (shapeshifter) (Depths:4)
  2 shock serpent zombies
  3 water nymphs
  5 iron dragon skeletons
  11 merfolk sirens
  14 vault sentinels
  34 rust devils
  6 frost giant skeletons
  4 dire elephant zombies
  An eye of devastation (shapeshifter) (Vaults:1)
  26 smoke demons
  5 torpor snails
  A minotaur zombie (Crypt:1)
  6 ice statues
  12 apocalypse crabs
  2 catoblepas zombies
  A black draconian zombie (Crypt:1)
  2 eyes of devastation
  2 gargoyles
  4 human zombies
  11 molten gargoyles
  21 hellions
  24 orange demons
  A rime drake (shapeshifter) (Vaults:2)
  An elf skeleton (Depths:4)
  12 spiny frogs
  3 dire elephant skeletons
  10 komodo dragons
  4 rime drakes
  A shock serpent skeleton (Coc:7)
  3 kobold demonologists
  2 tengu conjurers
  58 ice devils
  22 yaktaurs
  15 efreet
  A redback zombie (Crypt:2)
  40 freezing wraiths
  6 ancient zymes
  2 catoblepas skeletons
  16 demonic crawlers
  37 guardian mummies
  28 tormentors
  A red draconian skeleton (Crypt:1)
  15 hydra zombies
  30 red devils
  A harpy zombie (Dis:4)
  18 merfolk
  A queen bee (shapeshifter) (Vaults:2)
  6 silent spectres
  16 hellwings
  11 polar bears
  A troll (shapeshifter) (Depths:4)
  A meliai (shapeshifter) (Abyss:2)
  Grinder (D:6)
  29 hornets
  9 blink frogs
  24 jumping spiders
  3 tyrant leeches (Abyss:2)
  15 trolls
  A polar bear (shapeshifter) (D:14)
  Prince Ribbit (D:6)
  13 bog bodies
  A tengu simulacrum (Vaults:1)
  11 hippogriffs
  13 wind drakes
  A harpy skeleton (Geh:5)
  A hornet (shapeshifter) (Vaults:4)
  9 raiju
  6 ice dragon zombies
  135 slime creatures
  9 snapping turtles
  5 fire dragon zombies
  9 dream sheep
  4 hydra skeletons
  A fire giant simulacrum (Abyss:3)
  A human simulacrum (Vaults:2)
  A stone giant simulacrum (Vaults:1)
  A death drake skeleton (Crypt:1)
  6 alligator zombies
  4 ettin zombies
  A guardian serpent skeleton (Crypt:3)
  3 alligator skeletons
  A frost giant simulacrum (Vaults:3)
  6 ice dragon skeletons
  28 shadows
  4 black mamba zombies
  2 spriggans (shapeshifter)
  3 air elementals
  10 ettin skeletons
  76 redbacks
  31 ushabtiu
  102 flying skulls
  2 tarantellas (shapeshifter)
  A dire elephant simulacrum (Crypt:2)
  8 fire dragon skeletons
  Sigmund (D:2)
  31 water elementals
  55 yaks
  26 tarantellas
  19 ynoxinuls
  A black mamba skeleton (Geh:7)
  29 wraiths
  18 spriggans
  6 wyverns
  A hog (shapeshifter) (Depths:4)
  A basilisk (shapeshifter) (Vaults:4)
  Eustachio (D:3)
  7 basilisks
  14 golden eyes
  4 hogs (Elf:1)
  22 small abominations
  8 humans
  7 fire bats
  4 steam dragons
  23 fire elementals
  A vampire mosquito (D:8)
  13 chaos spawn
  9 hungry ghosts
  A red draconian simulacrum (Coc:7)
  4 neqoxecs
  53 large abominations
  3 spatial vortices
  A monstrous demonspawn zombie (Dis:4)
  Edmund (D:6)
  7 wargs
  A glowing shapeshifter zombie (Crypt:2)
  27 soldier ants
  A swamp worm (shapeshifter) (D:15)
  An insubstantial wisp (Abyss:3)
  5 floating eyes
  21 water moccasins
  Duvessa (D:4)
  48 hell hounds
  3 porcupines
  7 spiny frog zombies
  A water moccasin (shapeshifter) (Vaults:4)
  4 hydra simulacra
  A porcupine (shapeshifter) (Elf:1)
  6 black bears
  An ice beast (shapeshifter) (Depths:4)
  3 spiny frog skeletons
  5 eyes of draining
  A black mamba simulacrum (Tomb:3)
  9 ice beasts
  An ettin simulacrum (Coc:5)
  50 orc warriors
  28 necrophages
  9 phantoms
  5 snapping turtle zombies
  A swamp dragon zombie (Coc:4)
  3 sky beasts
  An eye of draining (shapeshifter) (Depths:4)
  7 snapping turtle skeletons
  A manticore zombie (Tar:7)
  5 boggarts
  8 wolves
  63 ogres
  20 centaurs
  5 human skeletons
  An orc skeleton (Vaults:1)
  A torpor snail zombie (Crypt:2)
  11 big kobolds
  2 manticore skeletons
  19 crocodiles
  5 elf zombies
  A hog skeleton (Crypt:2)
  A hippogriff zombie (Crypt:3)
  5 gnoll sergeants
  Blork the orc (D:5)
  5 earth elementals
  23 bullfrogs
  2 deep troll simulacra
  A spiny frog simulacrum (Coc:4)
  Dowan (D:4)
  A cyclops skeleton (Crypt:3)
  A water moccasin skeleton (D:6)
  A wyvern skeleton (D:9)
  6 scorpions
  8 killer bees
  45 wights
  A troll skeleton (Tar:7)
  A howler monkey (D:6)
  3 electric eels
  5 lava snakes (Lair:6)
  7 centaur zombies
  A wolf skeleton (Crypt:3)
  6 crimson imps
  3 bullfrog zombies
  4 quasits
  A wyvern simulacrum (D:14)
  40 iron imps
  3 centaur skeletons
  22 orc priests
  20 jellies
  8 hounds
  25 orc wizards
  3 bullfrog skeletons
  Jessica (D:3)
  32 worker ants
  6 hell rats
  2 killer bee zombies
  An ogre zombie (Geh:7)
  A demigod zombie (Crypt:3)
  2 naga zombies
  A centaur simulacrum (Tomb:3)
  A demigod skeleton (Crypt:3)
  2 tengu zombies
  A felid skeleton (Crypt:3)
  3 tengu skeletons
  2 dwarf skeletons (Crypt:3)
  3 hound skeletons
  45 mummies
  A howler monkey zombie (D:11)
  A worker ant zombie (D:5)
  11 gnolls
  A howler monkey skeleton (Crypt:2)
  13 adders
  18 shadow imps
  24 white imps
  9 ufetubi
  8 oozes
  2 adder skeletons
  3 adder zombies
  A worm (D:2)
  2 dart slugs (D:1)
  8 leopard geckos
  101 orcs
  A ball python (D:2)
  8 bats
  9 hobgoblins
  12 jackals
  3 quokkas
  6 frilled lizards
  10 goblins
  14 kobolds
  A kobold zombie (Dis:6)
  A leopard gecko skeleton (Crypt:1)
  An orc zombie (Crypt:2)
  A quokka zombie (D:5)
  11 rats
  A butterfly (Lair:6)
  A crawling corpse (Vaults:3)
  2 fire vortices
  10 starspawn tentacles
  A tentacle (Coc:7)
5117 creatures vanquished.

Vanquished Creatures (collateral kills)
  2 golden dragons
  2 titans (Vaults:5)
  An eldritch tentacle (Pan)
  A shadow dragon (Vaults:5)
  2 tengu reavers (Vaults:5)
  A deep elf sorcerer (Vaults:4)
  A frost giant (Vaults:5)
  3 cacodemons (Pan)
  A vault warden (Vaults:5)
  3 stone giants (Vaults:5)
  A spriggan defender (Depths:4)
  2 deep elf annihilators (Vaults:4)
  A spark wasp (Depths:4)
  Snorg (D:13)
  A deep elf death mage (Elf:3)
  A deep elf high priest (Elf:3)
  A great orb of eyes (Depths:4)
  An ice dragon (Depths:4)
  2 rakshasas
  A catoblepas (Shoals:4)
  An ogre mage (Orc:2)
  2 death yaks (Shoals:4)
  A sea snake (Shoals:4)
  2 sixfirhies (Pan)
  3 deep trolls (Vaults:5)
  A phantasmal warrior (Vaults:5)
  An ironbrand convoker (Vaults:4)
  3 deep elf magi
  A shining eye (Pan)
  A vault sentinel (Vaults:4)
  2 merfolk sirens (Shoals:4)
  An orange demon (Pan)
  3 yaktaurs (Vaults:5)
  A troll (Orc:2)
  A redback (Spider:4)
  3 yaks (D:13)
  A chaos spawn (Pan)
  3 neqoxecs (Pan)
  9 ogres (Orc:2)
69 creatures vanquished.

Vanquished Creatures (others)
  2 deep elf master archers (Elf:3)
  Polyphemus (Shoals:4)
  3 eldritch tentacles
  A storm dragon (Zot:5)
  A fire giant (Depths:4)
  A draconian shifter (Zot:2)
  An ironheart preserver (Vaults:5)
  3 elemental wellsprings
  3 stone giants
  An ophan (Pan)
  A green draconian (Zot:5)
  A minotaur (Gauntlet)
  A yellow draconian (Zot:1)
  A merfolk javelineer (Depths:5)
  A blizzard demon (Coc:7)
  An ogre mage (Depths:1)
  3 yaktaur captains
  A satyr (Shoals:4)
  A centaur warrior (Vaults:3)
  A tengu warrior (Depths:4)
  5 deep elf knights
  A storm dragon skeleton (Geh:7)
  6 deep elf archers
  6 deep elf magi
  2 cyclopes
  A necromancer (Depths:4)
  A manticore (shapeshifter) (Depths:3)
  A faun (Shoals:1)
  7 yaktaurs
  A harpy zombie (Geh:7)
  A snapping turtle (Shoals:1)
  A redback (Spider:4)
  A flying skull (Coc:7)
  A wraith (Dis:7)
  A slave (D:4)
  A swamp dragon zombie (Coc:7)
  7 centaurs
  An elf zombie (Elf:1)
  A wight (Dis:2)
  A crimson imp (Hell)
  An orc priest (D:4)
  An iron imp (Dis:7)
  An orc wizard (D:4)
  A worker ant (D:4)
  2 white imps (IceCv)
  An ufetubus (IceCv)
  A ball lightning (Tomb:1)
  5 orcs
  A bat (D:1)
  A demonic plant (Abyss:2)
  A fire vortex (Pan)
  3 fungi (Lair:6)
  A lurking horror (Abyss:2)
  36 plants
  80 spectral weapons
  10 starspawn tentacles
  7 tentacles
229 creatures vanquished.

Grand Total: 5415 creatures vanquished

Notes
Turn   | Place    | Note
-------+----------+-------------------------------------------
     0 | D:1      | Namnaref the Gargoyle Berserker began the quest for the
                  | Orb.
     0 | D:1      | Reached XP level 1. HP: 14/14 MP: 1/1
    33 | D:1      | Reached XP level 2. HP: 14/19 MP: 2/2
   397 | D:1      | Reached XP level 3. HP: 18/24 MP: 3/3
   430 | D:2      | Noticed Sigmund
   442 | D:2      | Killed Sigmund
   442 | D:2      | Reached skill level 4 in Fighting
   442 | D:2      | Reached XP level 4. HP: 22/30 MP: 4/4
   442 | D:2      | Reached XP level 5. HP: 25/34 MP: 5/5
   443 | D:2      | Reached ** piety under Trog
  1183 | D:4      | Reached XP level 6. HP: 32/40 MP: 6/6
  1392 | D:3      | Reached skill level 5 in Fighting
  2192 | D:3      | Noticed Jessica
  2202 | D:3      | Killed Jessica
  2239 | D:4      | Noticed Pikel
  2239 | D:4      | Noticed a slave
  2239 | D:4      | Noticed a slave
  2239 | D:4      | Noticed a slave
  2239 | D:4      | Noticed a slave
  2256 | D:4      | Killed Pikel
  2256 | D:4      | Reached skill level 6 in Fighting
  2256 | D:4      | Reached skill level 5 in Maces & Flails
  2256 | D:4      | Reached XP level 7. HP: 46/46 MP: 7/7
  2302 | D:4      | Reached XP level 8. HP: 38/51 MP: 8/8
  2309 | D:4      | Noticed Eustachio
  2420 | D:3      | Killed Eustachio
  2566 | D:4      | Reached *** piety under Trog
  2597 | D:4      | Noticed Duvessa
  2597 | D:4      | Noticed Dowan
  2610 | D:4      | Killed Duvessa
  2620 | D:4      | Killed Dowan
  2703 | D:4      | Found a sparkling altar of Nemelex Xobeh.
  2703 | D:4      | Found an ornate altar of the Wu Jian Council.
  2708 | D:4      | Found a faded altar of an unknown god.
  2710 | D:4      | Found a glowing silver altar of Zin.
  2712 | D:4      | Found a faded altar of an unknown god.
  3047 | D:5      | Entered Level 5 of the Dungeon
  3072 | D:4      | Found a staircase to the Ecumenical Temple.
  3083 | Temple   | Entered the Ecumenical Temple
  3318 | D:5      | Reached skill level 7 in Fighting
  3661 | D:5      | Noticed Blork the orc
  3676 | D:5      | Killed Blork the orc
  3758 | D:5      | Found a hide-covered altar of Uskayaw.
  3896 | D:5      | Reached XP level 9. HP: 59/59 MP: 9/9
  3982 | D:5      | Found a glowing golden altar of the Shining One.
  4218 | D:6      | Reached skill level 8 in Fighting
  4237 | D:6      | Noticed a troll
  4253 | D:6      | Killed a troll
  4516 | D:6      | Received a gift from Trog
  4521 | D:6      | Reached skill level 9 in Fighting
  4522 | D:6      | Noticed Edmund
  4536 | D:6      | Killed Edmund
  4578 | D:6      | Reached skill level 5 in Armour
  4588 | D:6      | Got a steaming ring mail
  4599 | D:6      | Identified the cursed +1 ring mail of the Eight Boll
                  | Weevils {rCorr Int+3} (You found it on level 6 of the
                  | Dungeon)
  4771 | D:6      | Noticed Prince Ribbit
  4812 | D:6      | Killed Prince Ribbit
  4812 | D:6      | Reached skill level 1 in Throwing
  4812 | D:6      | Reached skill level 1 in Evocations
  4892 | D:6      | Noticed Grinder
  4914 | D:6      | Killed Grinder
  5273 | D:7      | Found a blossoming altar of Fedhas.
  5487 | D:7      | Reached XP level 10. HP: 59/66 MP: 9/11
  5613 | D:7      | Reached **** piety under Trog
  5671 | D:7      | Found a blossoming altar of Fedhas.
  6660 | D:8      | Noticed a manticore
  6671 | D:8      | Killed a manticore
  6671 | D:8      | Reached skill level 10 in Fighting
  6905 | D:10     | Entered Level 10 of the Dungeon
  7006 | D:8      | Noticed a centaur warrior
  7023 | D:8      | Killed a centaur warrior
  7310 | D:9      | Found a staircase to the Lair.
  7342 | D:9      | Reached skill level 11 in Fighting
  7342 | D:9      | Reached skill level 10 in Maces & Flails
  7351 | D:9      | Reached XP level 11. HP: 43/74 MP: 7/12
  7406 | Lair:1   | Entered Level 1 of the Lair of Beasts
  7409 | Lair:1   | Noticed Joseph
  7663 | D:9      | Noticed a rakshasa
  7706 | D:9      | Killed a rakshasa
  8399 | D:10     | Found a basalt altar of Yredelemnul.
  8439 | D:10     | Reached skill level 12 in Fighting
  8593 | D:11     | Noticed a soul eater
  8684 | D:10     | Found Ixoseg's Armour Boutique.
  9129 | D:10     | Noticed Gastronok
  9144 | D:10     | Killed Gastronok
  9330 | D:9      | Reached skill level 5 in Shields
  9368 | Lair:1   | Killed Joseph
  9430 | Lair:1   | Reached XP level 12. HP: 59/82 MP: 11/14
  9503 | D:11     | Reached ***** piety under Trog
  9595 | D:11     | Found the brooch of Shielding {Reflect SH+8}
  9652 | D:11     | Reached skill level 5 in Dodging
  9897 | D:11     | Noticed Fannar
  9934 | D:11     | Killed Fannar
 10061 | D:11     | Noticed a centaur warrior
 10087 | D:11     | Killed a centaur warrior
 10381 | D:11     | Found a staircase to the Orcish Mines.
 10958 | D:11     | Found Desacui's Magic Scroll Emporium.
 10961 | D:11     | Bought a scroll of fear for 52 gold pieces
 10961 | D:11     | Bought a scroll of noise for 15 gold pieces
 10961 | D:11     | Bought a scroll of identify for 30 gold pieces
 10961 | D:11     | Bought a scroll of identify for 30 gold pieces
 10961 | D:11     | Bought a scroll of identify for 30 gold pieces
 10961 | D:11     | Bought a scroll of identify for 30 gold pieces
 10961 | D:11     | Bought a scroll of identify for 30 gold pieces
 10961 | D:11     | Bought a scroll of identify for 30 gold pieces
 11120 | D:12     | Got a transparent flail
 11121 | D:12     | Identified the +7 flail "Pendulum" {flame, Int+5 Stlth+}
                  | (You found it on level 12 of the Dungeon)
 11275 | D:12     | Received a gift from Trog
 11323 | D:12     | Noticed Rupert
 11338 | D:12     | Killed Rupert
 11338 | D:12     | Reached XP level 13. HP: 83/87 MP: 12/16
 12049 | D:13     | Noticed Snorg
 12069 | D:13     | Killed Snorg
 12218 | D:13     | Noticed a vault guard
 12245 | D:13     | Killed a vault guard
 12262 | D:13     | Found a gate to the Vaults.
 12288 | D:13     | Reached skill level 5 in Throwing
 12303 | D:13     | Noticed a vault guard
 12330 | D:13     | Killed a vault guard
 12369 | D:13     | Noticed a vault guard
 12392 | D:13     | Killed a vault guard
 12392 | D:13     | Reached skill level 5 in Evocations
 12398 | D:13     | Noticed a vault guard
 12421 | D:13     | Killed a vault guard
 12643 | D:14     | Found a portal to a secret trove of treasure.
 12656 | D:14     | Reached skill level 10 in Armour
 13083 | D:14     | Received a gift from Trog
 13352 | D:15     | Entered Level 15 of the Dungeon
 13359 | D:15     | Noticed Jorgrun
 13360 | D:15     | Noticed an ettin
 13368 | D:15     | Found Denwag's Distillery.
 13379 | D:15     | Found a staircase to the Depths.
 13386 | D:15     | Found a gate leading to a gauntlet.
 13386 | D:15     | Found a radiant altar of Vehumet.
 13396 | Gauntlet | Entered a Gauntlet
 13396 | Gauntlet | Found a transporter.
 13396 | Gauntlet | Found a transporter.
 13396 | Gauntlet | Found a transporter.
 13417 | Gauntlet | Found a transporter.
 13419 | Gauntlet | Found a large runed translucent door.
 13420 | Gauntlet | Found a large runed translucent door.
 13421 | Gauntlet | Found a large runed translucent door.
 13421 | Gauntlet | Found a large runed translucent door.
 13421 | Gauntlet | Found a runed translucent door.
 13421 | Gauntlet | Found a runed translucent door.
 13422 | Gauntlet | Found a large runed translucent door.
 13423 | Gauntlet | Found a large runed translucent door.
 13424 | Gauntlet | Found a large runed translucent door.
 13424 | Gauntlet | Found a large runed translucent door.
 13425 | Gauntlet | Found a runed translucent gate.
 13425 | Gauntlet | Found a runed translucent gate.
 13425 | Gauntlet | Found a runed translucent gate.
 13427 | Gauntlet | Found a transporter.
 13428 | Gauntlet | Found the +2 cloak of the Thief {+Fog Slay-2 SInv Stlth+}
 13430 | Gauntlet | Found a transporter.
 13439 | Gauntlet | Noticed a death ooze
 13440 | Gauntlet | Found a transporter.
 13460 | Gauntlet | Found a transporter.
 13466 | Gauntlet | Found a transporter.
 13466 | Gauntlet | Found a transporter.
 13466 | Gauntlet | Noticed a blizzard demon
 13471 | Gauntlet | Found a large runed translucent door.
 13471 | Gauntlet | Found a large runed translucent door.
 13472 | Gauntlet | Found a large runed translucent door.
 13473 | Gauntlet | Found a large runed translucent door.
 13474 | Gauntlet | Found a large runed translucent door.
 13474 | Gauntlet | Found a large runed translucent door.
 13474 | Gauntlet | Found a transporter.
 13475 | Gauntlet | Found a large runed translucent door.
 13476 | Gauntlet | Found a large runed translucent door.
 13477 | Gauntlet | Found a transporter.
 13500 | Gauntlet | Found a runed translucent door.
 13607 | Gauntlet | Gained mutation: Your large and strong wings let you fly
                  | indefinitely. [Gargoyle growth]
 13607 | Gauntlet | Reached XP level 14. HP: 75/92 MP: 18/18
 13668 | Gauntlet | Received a gift from Trog
 13744 | Gauntlet | Reached skill level 10 in Shields
 13760 | Gauntlet | Got a transparent steel ring
 13764 | Gauntlet | Identified the ring "Wydgham" {rF+ rC+ MP+9 Str+3} (You
                  | found it in a Gauntlet)
 13815 | Gauntlet | Identified the Guide on Supportive Fire
 13816 | Gauntlet | Found the ring of Robustness {AC+8}
 13819 | Gauntlet | Identified a scroll of acquirement
 13926 | D:15     | Identified the +4 great sword of the Pariah {freeze, Str+2}
 14472 | D:15     | Bought a potion of degeneration for 17 gold pieces
 14556 | D:15     | Killed Jorgrun
 14993 | D:15     | Reached ****** piety under Trog
 15946 | Lair:1   | Noticed Harold
 15967 | Lair:1   | Killed Harold
 15967 | Lair:1   | Reached XP level 15. HP: 97/97 MP: 20/20
 16718 | Lair:3   | Received a gift from Trog
 16982 | Lair:3   | Found a hole to the Spider Nest.
 17015 | Lair:3   | Received a gift from Trog
 17581 | Lair:4   | Got an encrusted flail
 17582 | Lair:4   | Identified the +9 flail of the Forsaken Stories {crush,
                  | *Rage +Fly rPois SInv} (You found it on level 4 of the Lair
                  | of Beasts)
 17980 | Lair:6   | Entered Level 6 of the Lair of Beasts
 18301 | Lair:5   | Found a runed translucent gate.
 18301 | Lair:5   | Found a runed translucent gate.
 18301 | Lair:5   | Found a runed translucent gate.
 18303 | Lair:5   | Noticed Keaquaf's ghost (journeyman OgBe)
 18362 | Lair:4   | Found a glowing golden altar of the Shining One.
 18470 | Lair:4   | Found a staircase to the Shoals.
 19315 | Lair:5   | Reached skill level 13 in Fighting
 19933 | Lair:6   | Found a large runed translucent door.
 19933 | Lair:6   | Found a large runed translucent door.
 20035 | Lair:6   | Received a gift from Trog
 20488 | Lair:6   | Found a staircase to the Slime Pits.
 21035 | Orc:1    | Entered Level 1 of the Orcish Mines
 21317 | Orc:2    | Entered Level 2 of the Orcish Mines
 21323 | Orc:2    | Reached XP level 16. HP: 104/104 MP: 22/22
 21374 | Orc:2    | Found a roughly hewn altar of Beogh.
 21447 | Orc:1    | Received a gift from Trog
 21732 | Orc:2    | Received a gift from Trog
 21924 | Orc:2    | Received a gift from Trog
 22060 | Orc:2    | Found Higutow's Weapon Emporium.
 22060 | Orc:2    | Found Roemuu's Weapon Shop.
 22062 | Orc:2    | Found Yschob's Magic Scroll Shop.
 22062 | Orc:2    | Found Toeklaic's Jewellery Shoppe.
 22072 | Orc:2    | Reached skill level 10 in Dodging
 22123 | Orc:2    | Found a staircase to the Elven Halls.
 22322 | Orc:1    | Found a runed translucent door.
 22341 | Orc:1    | Received a gift from Trog
 22391 | Orc:1    | Noticed Mocoenoa's ghost (journeyman MiFi)
 22440 | Orc:1    | Killed Mocoenoa's ghost
 22550 | Orc:2    | Bought 2 scrolls of identify for 64 gold pieces
 22550 | Orc:2    | Bought a scroll of enchant weapon for 120 gold pieces
 22550 | Orc:2    | Bought a scroll of identify for 32 gold pieces
 22550 | Orc:2    | Bought a scroll of enchant weapon for 120 gold pieces
 22550 | Orc:2    | Bought 3 scrolls of teleportation for 144 gold pieces
 22550 | Orc:2    | Bought a scroll of teleportation for 48 gold pieces
 22744 | Spider:1 | Entered Level 1 of the Spider Nest
 22789 | Spider:1 | Received a gift from Trog
 22953 | Spider:1 | Received a gift from Trog
 23116 | Spider:1 | Noticed Azrael
 23137 | Spider:1 | Killed Azrael
 24323 | Spider:2 | Received a gift from Trog
 24380 | Spider:2 | Noticed Arachne
 24438 | Spider:2 | Killed Arachne
 24438 | Spider:2 | Reached XP level 17. HP: 101/109 MP: 23/23
 24656 | Spider:2 | Received a gift from Trog
 24728 | Spider:2 | Found a runed translucent door.
 24728 | Spider:2 | Noticed Yolobob's ghost (adept MiFi)
 24786 | Spider:2 | Killed Yolobob's ghost
 25135 | Spider:3 | Received a gift from Trog
 25488 | Spider:3 | Received a gift from Trog
 26157 | Spider:4 | Entered Level 4 of the Spider Nest
 26260 | Spider:4 | Noticed Mara
 26345 | Spider:4 | Noticed Namnaref's illusion
 26407 | Spider:4 | Noticed Donald
 26407 | Spider:4 | Noticed Nikola
 26635 | Spider:4 | Killed Mara
 26757 | Spider:4 | Killed Donald
 26993 | Spider:4 | Reached skill level 10 in Throwing
 27027 | Spider:4 | Reached skill level 14 in Fighting
 27078 | Spider:4 | Got an encrusted ring mail
 27089 | Spider:4 | Identified the +4 ring mail of Anarchy {rF++ Dex+3 Slay-5}
                  | (You found it on level 4 of the Spider Nest)
 27166 | Spider:4 | Killed Nikola
 27329 | Spider:4 | Received a gift from Trog
 27750 | Spider:4 | Reached XP level 18. HP: 55/116 MP: 25/25
 28417 | Spider:4 | Got a gossamer rune of Zot
 28694 | Shoals:1 | Entered Level 1 of the Shoals
 29338 | Shoals:1 | Received a gift from Trog
 29723 | Shoals:2 | Found a radiant altar of Vehumet.
 30224 | Shoals:3 | Reached skill level 10 in Evocations
 30232 | Shoals:3 | Received a gift from Trog
 30257 | Shoals:3 | Found Cacur's Food Emporium.
 30569 | Shoals:3 | Got a jewelled ring mail
 30580 | Shoals:3 | Identified the cursed +1 ring mail of Sin {*Contam rN+
                  | rCorr Dex+2} (You found it on level 3 of the Shoals)
 30691 | Shoals:4 | Entered Level 4 of the Shoals
 30806 | Shoals:4 | Found Xemuv's Armour Shoppe.
 30874 | Shoals:4 | Received a gift from Trog
 30939 | Shoals:4 | Bought a +2 pair of gloves of strength for 322 gold pieces
 30969 | Shoals:4 | Reached skill level 15 in Shields
 31036 | Shoals:4 | Got a barnacled rune of Zot
 31142 | Shoals:4 | Reached XP level 19. HP: 83/122 MP: 26/26
 31159 | Shoals:4 | Noticed Polyphemus
 31168 | Shoals:4 | Killed Polyphemus
 31480 | Shoals:4 | Identified the Volume of Sinister Magic and Fire
 31609 | Shoals:4 | Identified Gyphunn's Volume of Ghastly Changing
 32223 | D:14     | You paid a toll of a +7 demon trident to enter a treasure
                  | trove
 32224 | Trove    | Entered a treasure trove
 32508 | Elf:1    | Entered Level 1 of the Elven Halls
 32583 | Elf:1    | Received a gift from Trog
 32596 | Elf:1    | Reached skill level 1 in Stealth
 32661 | Elf:1    | Reached skill level 1 in Axes
 32843 | Elf:1    | Reached skill level 15 in Fighting
 32861 | Elf:1    | Noticed Kirke
 32943 | Elf:1    | Killed Kirke
 33083 | Elf:1    | Received a gift from Trog
 33596 | Elf:1    | Identified the Handbook of Obsession
 33700 | Elf:1    | Noticed Asterion
 33742 | Elf:1    | Killed Asterion
 33897 | Elf:2    | Received a gift from Trog
 33970 | Elf:2    | Received a gift from Trog
 34074 | Elf:2    | Found a frozen archway.
 34083 | IceCv    | Entered an ice cave
 34316 | IceCv    | Reached skill level 5 in Stealth
 34739 | Elf:2    | Found a runed translucent gate.
 34739 | Elf:2    | Found a runed translucent gate.
 34744 | Elf:2    | Found a runed translucent gate.
 35003 | Elf:2    | Reached skill level 15 in Armour
 35146 | Elf:2    | Received a gift from Trog
 35146 | Elf:2    | Reached XP level 20. HP: 112/131 MP: 13/28
 35622 | Elf:3    | Entered Level 3 of the Elven Halls
 35650 | Elf:3    | Reached skill level 5 in Axes
 35807 | Elf:3    | Received a gift from Trog
 35991 | Elf:3    | Reached skill level 16 in Fighting
 36575 | Elf:3    | Received a gift from Trog
 36789 | Elf:3    | Identified the ring of Xom's Flight of Fancy {*Contam rElec
                  | rF+ rC+ Int+3}
 36802 | Elf:3    | Identified the cursed +0 battleaxe "Concordance" {freeze,
                  | rPois rF+ rN+ Dex+4}
 36947 | Elf:3    | Identified the +5 scimitar of Forced Transition {freeze,
                  | rN+}
 36963 | Elf:3    | Received a gift from Trog
 37112 | Elf:3    | Identified the +9 dagger "Qorohunel" {freeze, rPois MR+
                  | Dex-5}
 37112 | Elf:3    | Identified the ring of Nozoto {rF++ rC+ EV+2 Dex+4}
 37281 | Elf:3    | Got an emerald-encrusted scale mail
 37282 | Elf:3    | Identified the cursed +0 scale mail "Irghiakh" {rElec Str-3
                  | Dex+3} (You found it on level 3 of the Elven Halls)
 37779 | Vaults:1 | Entered Level 1 of the Vaults
 38631 | Vaults:1 | Reached XP level 21. HP: 137/137 MP: 30/30
 38637 | Vaults:1 | Received a gift from Trog
 39382 | Vaults:1 | Reached skill level 10 in Stealth
 39735 | Vaults:2 | Received a gift from Trog
 39868 | Vaults:2 | Found Xemih's Distillery.
 39892 | Vaults:2 | Bought a potion of heal wounds for 70 gold pieces
 39892 | Vaults:2 | Bought a potion of mutation for 112 gold pieces
 39892 | Vaults:2 | Bought 2 potions of curing for 84 gold pieces
 40485 | Vaults:2 | Received a gift from Trog
 40850 | Vaults:2 | Found a roughly hewn altar of Beogh.
 41237 | Vaults:3 | Received a gift from Trog
 41366 | Vaults:3 | Paralysed by an orc sorcerer for 3 turns
 41440 | Vaults:3 | Received a gift from Trog
 41612 | Vaults:3 | Found a staircase to the Crypt.
 41801 | Vaults:3 | Reached skill level 17 in Fighting
 41824 | Vaults:3 | Reached XP level 22. HP: 144/144 MP: 31/31
 42080 | Vaults:3 | Reached skill level 15 in Maces & Flails
 42132 | Vaults:3 | Found Niel's Armour Boutique.
 42136 | Vaults:3 | Bought the +0 pair of boots of Idealism {rElec rN++ Int+2
                  | Dex-5} for 340 gold pieces
 42545 | Vaults:3 | Received a gift from Trog
 42846 | Vaults:4 | Found a flickering gateway to a bazaar.
 42870 | Bazaar   | Entered a bazaar
 42870 | Bazaar   | Found Natav's Weapon Shoppe.
 42870 | Bazaar   | Found Qaah's Book Shoppe.
 42870 | Bazaar   | Found Ecaosueg's Assorted Antiques.
 42870 | Bazaar   | Found Ronet's Assorted Antiques.
 42892 | Bazaar   | Bought a scroll of remove curse for 48 gold pieces
 42892 | Bazaar   | Bought 2 scrolls of magic mapping for 112 gold pieces
 42892 | Bazaar   | Bought a scroll of remove curse for 48 gold pieces
 42892 | Bazaar   | Bought a pair of glowing gloves for 120 gold pieces
 42892 | Bazaar   | Bought a potion of heal wounds for 80 gold pieces
 42892 | Bazaar   | Bought a potion of brilliance for 64 gold pieces
 43131 | Vaults:4 | Paralysed by a great orb of eyes for 4 turns
 43345 | Vaults:4 | Received a gift from Trog
 44405 | Vaults:4 | Reached skill level 10 in Axes
 44853 | Depths:1 | Entered Level 1 of the Depths
 45004 | Depths:1 | Found a one-way gate to the infinite horrors of the Abyss.
 45099 | Depths:1 | Received a gift from Trog
 45270 | Depths:1 | Found Calimnio's Magic Scroll Shop.
 45277 | Depths:1 | Bought a scroll of identify for 28 gold pieces
 45277 | Depths:1 | Bought a scroll of teleportation for 42 gold pieces
 45277 | Depths:1 | Bought 3 scrolls of teleportation for 126 gold pieces
 45277 | Depths:1 | Bought a scroll of immolation for 49 gold pieces
 45383 | Depths:1 | Found a gateway to Hell.
 45490 | Depths:1 | Found a glowing golden altar of the Shining One.
 45702 | Depths:2 | Found a gateway to a ziggurat.
 45847 | Depths:2 | Reached XP level 23. HP: 82/151 MP: 33/33
 46233 | Depths:2 | Found a one-way gate leading to the halls of Pandemonium.
 46333 | Depths:2 | Paralysed by you for 2 turns
 46352 | Depths:2 | Paralysed by you for 5 turns
 46415 | Depths:2 | Received a gift from Trog
 46491 | Depths:2 | Paralysed by you for 3 turns
 46811 | Depths:2 | Reached skill level 18 in Fighting
 46831 | Depths:2 | Received a gift from Trog
 47216 | Depths:3 | Found Guppooc's Pet Rocks.
 47892 | Depths:3 | Noticed Boris
 47920 | Depths:3 | Killed Boris
 48200 | Depths:3 | Received a gift from Trog
 48281 | Depths:3 | Received a gift from Trog
 48570 | Depths:4 | Paralysed by a great orb of eyes for 2 turns
 48621 | Depths:4 | Identified the +1 ring mail of Amorality {Str+4}
 48765 | Depths:4 | Noticed a golden dragon
 48888 | Depths:4 | Noticed Xtahua
 48978 | Depths:3 | Killed Xtahua
 49079 | Depths:4 | Received a gift from Trog
 49114 | Depths:4 | Reached XP level 24. HP: 146/158 MP: 34/34
 49263 | Depths:4 | Received a gift from Trog
 49860 | Depths:4 | Received a gift from Trog
 49906 | Depths:4 | Reached skill level 15 in Evocations
 50042 | Depths:4 | Identified the +11 dire flail of Karma {drain, Str+4}
 50237 | Depths:4 | Reached skill level 15 in Stealth
 50296 | Depths:4 | Paralysed by a sphinx for 4 turns
 50354 | Depths:4 | Identified the cursed +1 arbalest of Outrage {flame, Dex+2}
 50575 | Depths:4 | Noticed an ancient lich
 50595 | Depths:4 | Killed an ancient lich
 50812 | Depths:1 | Bought a scroll of enchant armour for 105 gold pieces
 50967 | D:11     | Bought a scroll of enchant armour for 112 gold pieces
 50967 | D:11     | Bought a scroll of acquirement for 780 gold pieces
 51425 | Depths:5 | Entered Level 5 of the Depths
 51738 | Depths:5 | Received a gift from Trog
 52213 | Depths:5 | Found a gate to the Realm of Zot.
 52248 | Depths:5 | Reached XP level 25. HP: 164/164 MP: 34/34
 52632 | Depths:5 | Noticed Saint Roka
 52653 | Depths:5 | Killed Saint Roka
 52782 | Depths:5 | Noticed Sojobo
 52838 | Depths:5 | Killed Sojobo
 52843 | Depths:5 | Received a gift from Trog
 53404 | Vaults:5 | Entered Level 5 of the Vaults
 53667 | Vaults:4 | Reached skill level 19 in Fighting
 53918 | Vaults:5 | Noticed an ancient lich
 53969 | Vaults:5 | Identified the +3 long sword "Lywnon" {freeze, rElec rN+
                  | Int-4}
 54087 | Vaults:5 | Killed an ancient lich
 54136 | Vaults:5 | Received a gift from Trog
 54296 | Vaults:5 | Identified the +0 scythe of the Ageless Dances {flame, rC+
                  | MR- Int+2 Dex+4}
 54315 | Vaults:5 | Identified the +3 leather armour of the Eagle {rF+ Slay+4
                  | Stlth+}
 54337 | Vaults:5 | Noticed an ancient lich
 54360 | Vaults:5 | Identified the ring of Opo Revi {+Inv MR+ Str+5 Int-3}
 54417 | Vaults:5 | Killed an ancient lich
 54417 | Vaults:5 | Reached XP level 26. HP: 101/172 MP: 14/35
 54474 | Vaults:5 | Noticed an ancient lich
 54859 | Vaults:4 | Received a gift from Trog
 54972 | Vaults:5 | Found the +0 Maxwell's etheric cage {RegenMP+ *Contam rElec
                  | MP+4}
 55304 | Vaults:5 | Received a gift from Trog
 55319 | Vaults:5 | Noticed an ancient lich
 55347 | Vaults:5 | Killed an ancient lich
 55616 | Vaults:5 | Received a gift from Trog
 56013 | Vaults:5 | Reached skill level 20 in Fighting
 56066 | Vaults:5 | Got a silver rune of Zot
 56446 | Vaults:5 | Killed an ancient lich
 56446 | Vaults:5 | Reached skill level 15 in Throwing
 57164 | Depths:1 | Fell from the grace of Trog
 57164 | Depths:1 | Became a worshipper of the Shining One
 57235 | D:15     | Learned a level 1 spell: Apportation
 57237 | D:15     | Learned a level 1 spell: Summon Butterflies
 57240 | D:15     | Learned a level 2 spell: Blink
 57243 | D:15     | Learned a level 2 spell: Song of Slaying
 57246 | D:15     | Learned a level 2 spell: Swiftness
 57250 | D:15     | Learned a level 3 spell: Spectral Weapon
 58014 | Crypt:1  | Entered Level 1 of the Crypt
 58067 | Crypt:1  | Reached skill level 1 in Invocations
 58142 | Crypt:1  | Reached * piety under the Shining One
 58153 | Crypt:1  | Reached skill level 1 in Spellcasting
 58153 | Crypt:1  | Reached skill level 1 in Translocations
 58259 | Crypt:1  | Reached ** piety under the Shining One
 58415 | Crypt:1  | Reached XP level 27. HP: 169/179 MP: 35/35
 58635 | Crypt:2  | Reached *** piety under the Shining One
 58726 | Crypt:2  | Reached skill level 5 in Invocations
 58785 | Crypt:2  | Reached **** piety under the Shining One
 59006 | Crypt:2  | Reached ***** piety under the Shining One
 59252 | Crypt:2  | Got a steaming mace
 59253 | Crypt:2  | Identified the +8 mace "Acarineslayer" {flame, +Rage rElec}
                  | (You acquired it on level 2 of the Crypt)
 59911 | Crypt:3  | Entered Level 3 of the Crypt
 60070 | Crypt:3  | Reached ****** piety under the Shining One
 60205 | Crypt:3  | Reached skill level 5 in Spellcasting
 60205 | Crypt:3  | Reached skill level 5 in Translocations
 60286 | Crypt:3  | Identified the ring of Spontaneous Combustion {rF+ rN+ MR+}
 60653 | Crypt:3  | Found a staircase to the Tomb.
 60722 | Crypt:3  | Reached skill level 10 in Invocations
 61044 | Crypt:3  | Noticed an ancient lich
 61132 | Crypt:3  | Killed an ancient lich
 61145 | Crypt:3  | Got a wavering jade ring
 61145 | Crypt:3  | Got a scorched copper ring
 61146 | Crypt:3  | Identified the ring of Wiklyg {rN+ Str+2} (You found it on
                  | level 3 of the Crypt)
 61147 | Crypt:3  | Identified the ring "Umiuhun" {+Fly rElec rN+} (You found
                  | it on level 3 of the Crypt)
 61148 | Crypt:3  | Identified the Tome of Darkness
 61755 | D:15     | Identified a +8 sacred scourge of holy wrath (a +6 demon
                  | whip of pain blessed by the Shining One)
 61755 | D:15     | Received a gift from the Shining One
 61854 | Zot:1    | Entered Level 1 of the Realm of Zot
 62618 | Zot:1    | You are sucked into a shaft!
 63250 | Zot:2    | Found a huge runed gate.
 63250 | Zot:2    | Found a huge runed gate.
 63250 | Zot:2    | Found a huge runed gate.
 63250 | Zot:2    | Found a huge runed gate.
 63250 | Zot:2    | Found a huge runed gate.
 63250 | Zot:2    | Found a huge runed gate.
 63252 | Zot:2    | Found a huge runed gate.
 63259 | Zot:2    | Found a huge runed gate.
 63259 | Zot:2    | Found a huge runed gate.
 63259 | Zot:2    | Found a huge runed gate.
 63441 | Zot:2    | Found a huge runed gate.
 63441 | Zot:2    | Found a huge runed gate.
 63441 | Zot:2    | Found a huge runed gate.
 63441 | Zot:2    | Found a huge runed gate.
 63452 | Zot:2    | Found a huge runed gate.
 63452 | Zot:2    | Found a huge runed gate.
 63452 | Zot:2    | Found a huge runed gate.
 63452 | Zot:2    | Found a huge runed gate.
 63452 | Zot:2    | Found a huge runed gate.
 63498 | Zot:2    | Found a huge runed gate.
 63499 | Zot:2    | Found a huge runed gate.
 63500 | Zot:2    | Found a huge runed gate.
 63501 | Zot:2    | Found a huge runed gate.
 63510 | Zot:2    | Found a huge runed gate.
 63510 | Zot:2    | Found a huge runed gate.
 63510 | Zot:2    | Found a huge runed gate.
 63684 | Zot:2    | Found a huge runed gate.
 63684 | Zot:2    | Found a huge runed gate.
 63684 | Zot:2    | Found a huge runed gate.
 63684 | Zot:2    | Found a huge runed gate.
 63684 | Zot:2    | Found a huge runed gate.
 63809 | Zot:2    | Noticed an orb of fire
 63809 | Zot:2    | Noticed an orb of fire
 63834 | Zot:1    | Killed an orb of fire
 64108 | Zot:1    | Gained mutation: Potions are less effective at restoring
                  | your health. [an orb of fire]
 64114 | Zot:1    | Gained mutation: You do not regenerate when monsters are
                  | visible. [an orb of fire]
 64121 | Zot:1    | Killed an orb of fire
 64446 | Zot:1    | Reached skill level 1 in Hexes
 64446 | Zot:1    | Reached skill level 1 in Charms
 66128 | Zot:4    | Identified the ring of the Harvest {Dex+3 Slay+6 Stlth-}
 66431 | Zot:4    | Reached skill level 10 in Spellcasting
 66463 | Zot:4    | Reached skill level 5 in Hexes
 66535 | Zot:4    | Reached skill level 5 in Charms
 66698 | Zot:5    | Entered Level 5 of the Realm of Zot
 66771 | Zot:5    | Noticed Zanta616's ghost (legendary DDFi)
 66815 | Zot:5    | Found a transporter.
 66819 | Zot:5    | Found a transporter.
 67019 | Zot:5    | Reached skill level 21 in Fighting
 67077 | Zot:5    | Killed Zanta616's ghost
 67279 | Zot:5    | Noticed an ancient lich
 67314 | Zot:5    | Killed an ancient lich
 67608 | Zot:5    | Noticed an orb of fire
 67639 | Zot:5    | Killed an orb of fire
 67737 | Zot:5    | Noticed an ancient lich
 67771 | Zot:5    | Killed an ancient lich
 67784 | Zot:5    | Noticed an ancient lich
 67791 | Zot:5    | Killed an ancient lich
 68193 | Zot:5    | Noticed an ancient lich
 68193 | Zot:5    | Noticed an orb of fire
 68315 | Zot:5    | Gained mutation: Your flesh is heat resistant. (rF+) [an
                  | orb of fire]
 68321 | Zot:5    | Gained mutation: Scrolls take you a little longer to read.
                  | [an orb of fire]
 68328 | Zot:5    | Gained mutation: You tend to lose your temper in combat.
                  | [an orb of fire]
 68344 | Zot:5    | Killed an orb of fire
 68459 | Zot:5    | Noticed an orb of fire
 68474 | Zot:5    | Killed an orb of fire
 68504 | Zot:5    | Was forgiven by Trog
 68650 | Zot:5    | Noticed an ancient lich
 68680 | Zot:5    | Killed an ancient lich
 68761 | Zot:5    | Killed an ancient lich
 68805 | Zot:5    | Noticed an ancient lich
 68817 | Zot:5    | Killed an ancient lich
 68830 | Zot:5    | Noticed an ancient lich
 68839 | Zot:5    | Killed an ancient lich
 68890 | Zot:5    | Noticed an ancient lich
 68899 | Zot:5    | Killed an ancient lich
 69268 | D:15     | Learned a level 3 spell: Lesser Beckoning
 69283 | D:15     | Lost mutation: You do not regenerate when monsters are
                  | visible. [potion of mutation]
 69283 | D:15     | Lost mutation: Scrolls take you a little longer to read.
                  | [potion of mutation]
 69283 | D:15     | Lost mutation: Your flesh is heat resistant. (rF+) [potion
                  | of mutation]
 69283 | D:15     | Gained mutation: You are dopey. (Int -2) [potion of
                  | mutation]
 69283 | D:15     | Gained mutation: Your body sometimes deteriorates upon
                  | taking damage. [potion of mutation]
 69283 | D:15     | Gained mutation: You often lose your temper in combat.
                  | [potion of mutation]
 69283 | D:15     | Gained mutation: You are partially covered in molten
                  | scales. (AC +2) [potion of mutation]
 69284 | D:15     | Lost mutation: Potions are less effective at restoring your
                  | health. [potion of mutation]
 69284 | D:15     | Lost mutation: You are dopey. (Int -2) [potion of mutation]
 69284 | D:15     | Lost mutation: You often lose your temper in combat.
                  | [potion of mutation]
 69284 | D:15     | Lost mutation: Your body sometimes deteriorates upon taking
                  | damage. [potion of mutation]
 69284 | D:15     | Gained mutation: You expend magic power (3 MP) to
                  | strengthen your wands. [potion of mutation]
 69284 | D:15     | Gained mutation: You have a somewhat thin skeletal
                  | structure. (Dex +2, Stealth) [potion of mutation]
 69325 | Hell     | Entered the Vestibule of Hell
 69325 | Hell     | Noticed Geryon
 69571 | Hell     | Killed Geryon
 69645 | Hell     | Found a gateway to the decaying netherworld of Tartarus.
 69725 | Hell     | Reached skill level 22 in Fighting
 69881 | Hell     | Found a gateway to the freezing wastes of Cocytus.
 69969 | Hell     | Found a gateway to the Iron City of Dis.
 70105 | Hell     | Found a gateway to the ashen valley of Gehenna.
 70394 | Depths:1 | Voluntarily entered the Abyss.
 70679 | Abyss:1  | Gained mutation: You are frail. (-10% HP) [a neqoxec]
 70925 | Abyss:1  | Found a corrupted altar of Lugonu.
 70992 | Abyss:1  | Paralysed by accursed screaming for 2 turns
 70996 | Abyss:1  | Paralysed by accursed screaming for 2 turns
 71203 | Abyss:1  | Learned a level 2 spell: Passwall
 71207 | Abyss:1  | Found a radiant altar of Vehumet.
 71350 | Abyss:2  | Found a deep blue altar of Sif Muna.
 71394 | Abyss:2  | Reached skill level 1 in Earth Magic
 71469 | Abyss:2  | Reached skill level 1 in Transmutations
 71611 | Abyss:2  | Found a corrupted altar of Lugonu.
 71671 | Abyss:2  | Gained mutation: Armour fits poorly on your strangely
                  | shaped body. [a neqoxec]
 71856 | Abyss:3  | Got an abyssal rune of Zot
 71983 | Abyss:3  | Paralysed by accursed screaming for 1 turns
 71986 | Abyss:3  | Paralysed by accursed screaming for 1 turns
 72121 | Depths:1 | Escaped the Abyss
 72164 | Hell     | Lost mutation: You are frail. (-10% HP) [potion of
                  | mutation]
 72164 | Hell     | Lost mutation: You tend to lose your temper in combat.
                  | [potion of mutation]
 72164 | Hell     | Lost mutation: Armour fits poorly on your strangely shaped
                  | body. [potion of mutation]
 72164 | Hell     | Gained mutation: You are partially covered in slimy green
                  | scales. (AC +2) [potion of mutation]
 72164 | Hell     | Gained mutation: You have a pair of small antennae on your
                  | head. [potion of mutation]
 72650 | Lair:5   | Killed Keaquaf's ghost
 72663 | Lair:5   | Got a jewelled war axe
 72664 | Lair:5   | Identified the cursed +1 war axe of the Chain {antimagic,
                  | *Drain rPois rC- Str+9} (You found it on level 5 of the
                  | Lair of Beasts)
 73385 | Lair:3   | Learned a level 2 spell: Shroud of Golubria
 73465 | Slime:1  | Entered Level 1 of the Pits of Slime
 73829 | Slime:5  | Entered Level 5 of the Pits of Slime
 73906 | Slime:4  | Reached skill level 5 in Earth Magic
 74071 | Slime:5  | Gained mutation: You are frail. (-10% HP) [a shining eye]
 74072 | Slime:5  | Gained mutation: You are weak. (Str -2) [a shining eye]
 74116 | Slime:5  | Gained mutation: You can translocate small distances at
                  | will. [a shining eye]
 74412 | Slime:5  | Found a viscous altar of Jiyva.
 74622 | Slime:5  | Noticed the Royal Jelly
 74637 | Slime:5  | Killed the Royal Jelly
 74732 | Slime:5  | Identified the Volume of Hexes and Flight
 74759 | Slime:5  | Identified the Tome of the Secret Demons
 74766 | Slime:5  | Got a slimy rune of Zot
 74770 | Slime:5  | Got a scorched hunting sling
 74771 | Slime:5  | Identified the +7 hunting sling "Arocs" {venom, Dex+2} (You
                  | found it on level 5 of the Pits of Slime)
 74793 | Slime:5  | Learned a level 5 spell: Silence
 74800 | Slime:5  | Identified the amulet "Nucvagan" {Inacc rPois rF+ Dex-2}
                  | (You found it on level 5 of the Pits of Slime)
 74829 | Slime:5  | Lost mutation: You are weak. (Str -2) [potion of mutation]
 74829 | Slime:5  | Lost mutation: You expend magic power (3 MP) to strengthen
                  | your wands. [potion of mutation]
 74829 | Slime:5  | Lost mutation: You are frail. (-10% HP) [potion of
                  | mutation]
 74829 | Slime:5  | Lost mutation: You have a pair of small antennae on your
                  | head. [potion of mutation]
 74829 | Slime:5  | Gained mutation: You possess an exceptional clarity of
                  | mind. [potion of mutation]
 75232 | Hell     | Reached skill level 1 in Air Magic
 75258 | Geh:1    | Entered Level 1 of Gehenna
 75327 | Geh:1    | Reached skill level 15 in Invocations
 75659 | Geh:4    | Reached skill level 5 in Transmutations
 75940 | Geh:5    | Reached skill level 10 in Hexes
 76115 | Geh:7    | Entered Level 7 of Gehenna
 76461 | Geh:7    | Reached skill level 5 in Air Magic
 76704 | Geh:7    | Reached skill level 23 in Fighting
 77289 | Geh:7    | Identified the +7 sceptre of Asmodeus
 77289 | Geh:7    | Noticed Asmodeus
 77488 | Geh:7    | Killed Asmodeus
 77526 | Geh:7    | Identified the +2 chain mail of Xukejafaa {rCorr Dex+3}
                  | (You found it on level 7 of Gehenna)
 77550 | Geh:7    | Identified the cursed +1 chain mail of Jahusuav {rElec
                  | Str+3 Int-4} (You found it on level 7 of Gehenna)
 77562 | Geh:7    | Got an obsidian rune of Zot
 77851 | Coc:1    | Entered Level 1 of Cocytus
 78605 | Coc:7    | Entered Level 7 of Cocytus
 78899 | Coc:7    | Reached skill level 10 in Air Magic
 79596 | Coc:7    | Identified the ring of Xom's Ringing Laughter {MR+ Int+2
                  | Stlth+}
 79596 | Coc:7    | Noticed Antaeus
 79954 | Coc:7    | Got a pair of steaming gloves
 79965 | Coc:7    | Identified the +2 pair of gloves of the Frog {+Fly} (You
                  | acquired it on level 7 of Cocytus)
 80082 | Coc:7    | Killed Antaeus
 80085 | Coc:7    | Reached skill level 15 in Hexes
 80104 | Coc:7    | Got an icy rune of Zot
 80396 | Dis:1    | Entered Level 1 of the Iron City of Dis
 81120 | Dis:5    | Reached skill level 15 in Axes
 81319 | Dis:7    | Entered Level 7 of the Iron City of Dis
 82921 | Dis:7    | Identified the Guide on Shape Shifting and Enhancements
 82936 | Dis:7    | Learned a level 6 spell: Darkness
 82996 | Dis:7    | Gained mutation: Armour fits poorly on your strangely
                  | shaped body. [a cacodemon]
 83391 | Dis:7    | Identified the +4 staff of Dispater
 83391 | Dis:7    | Noticed Dispater
 83417 | Dis:7    | Killed Dispater
 83435 | Dis:7    | Got an iron rune of Zot
 83649 | Tar:1    | Entered Level 1 of Tartarus
 84372 | Tar:7    | Entered Level 7 of Tartarus
 85296 | Tar:7    | Found the +5 robe of Night {Dark MR+ SInv}
 85547 | Tar:7    | Gained mutation: You have a pair of small horns on your
                  | head. [mutagenic glow]
 85614 | Tar:7    | Learned a level 4 spell: Passage of Golubria
 85697 | Tar:7    | Noticed Ereshkigal
 85740 | Tar:7    | Killed Ereshkigal
 85801 | Tar:7    | Got a bone rune of Zot
 86212 | Tar:7    | Reached skill level 10 in Translocations
 86491 | Tar:7    | Reached skill level 15 in Dodging
 86779 | Tar:7    | Found the +4 dagger "Morg" {pain, MR+ Int+5}
 86783 | Tar:7    | Found the +4 skin of Zhor {Hibernate rC+++ SInv}
 86786 | Tar:7    | Identified Oteef's Handbook of Hurtful Darkness
 86823 | Tar:7    | Got a vibrating golden ring
 86824 | Tar:7    | Identified the ring of Untruth {rN+ MR+} (You found it on
                  | level 7 of Tartarus)
 86885 | Tar:7    | Got a twitching bronze amulet
 86886 | Tar:7    | Identified the amulet of the Middle {RegenMP +Inv MP+9
                  | Dex+2} (You found it on level 7 of Tartarus)
 87449 | Tomb:1   | Entered Level 1 of the Tomb of the Ancients
 87551 | Tomb:1   | Paralysed by a sphinx for 4 turns
 87846 | Tomb:1   | Noticed a greater mummy
 87867 | Tomb:1   | Killed a greater mummy
 87871 | Tomb:1   | Reached skill level 24 in Fighting
 88424 | Tomb:1   | Identified the +1 robe of Rotation {-Cast MR+ Str+4}
 88521 | Tomb:2   | Noticed a greater mummy
 88522 | Tomb:2   | Noticed a greater mummy
 88522 | Tomb:2   | Noticed a greater mummy
 88524 | Tomb:2   | Noticed a greater mummy
 88547 | Tomb:2   | Killed a greater mummy
 88556 | Tomb:2   | Killed a greater mummy
 88580 | Tomb:2   | Killed a greater mummy
 88595 | Tomb:2   | Killed a greater mummy
 88613 | Tomb:2   | Identified the cursed +0 hat of Ciepn {rF- Str+9 Int-3
                  | Stlth+} (You found it on level 2 of the Tomb of the
                  | Ancients)
 89059 | Tomb:1   | Noticed a greater mummy
 89069 | Tomb:1   | Noticed a greater mummy
 89070 | Tomb:1   | Noticed a greater mummy
 89071 | Tomb:1   | Noticed a greater mummy
 89080 | Tomb:1   | Killed a greater mummy
 89086 | Tomb:1   | Killed a greater mummy
 89108 | Tomb:1   | Killed a greater mummy
 89111 | Tomb:1   | Killed a greater mummy
 89156 | Tomb:1   | Noticed a greater mummy
 89162 | Tomb:1   | Noticed a greater mummy
 89167 | Tomb:1   | Killed a greater mummy
 89168 | Tomb:1   | Noticed a greater mummy
 89179 | Tomb:1   | Killed a greater mummy
 89192 | Tomb:1   | Killed a greater mummy
 89291 | Tomb:1   | Noticed a greater mummy
 89306 | Tomb:1   | Killed a greater mummy
 89335 | Tomb:1   | Noticed a greater mummy
 89339 | Tomb:1   | Noticed a greater mummy
 89344 | Tomb:1   | Killed a greater mummy
 89347 | Tomb:1   | Noticed a greater mummy
 89353 | Tomb:1   | Killed a greater mummy
 89362 | Tomb:1   | Killed a greater mummy
 89379 | Tomb:1   | Noticed a greater mummy
 89399 | Tomb:1   | Killed a greater mummy
 89401 | Tomb:1   | Noticed a greater mummy
 89445 | Tomb:1   | Noticed a greater mummy
 89450 | Tomb:1   | Noticed a greater mummy
 89450 | Tomb:1   | Noticed a greater mummy
 89451 | Tomb:1   | Noticed a greater mummy
 89453 | Tomb:1   | Noticed a greater mummy
 89737 | Tomb:1   | Noticed a greater mummy
 89747 | Tomb:1   | Killed a greater mummy
 89774 | Tomb:1   | Killed a greater mummy
 89781 | Tomb:1   | Killed a greater mummy
 89790 | Tomb:1   | Killed a greater mummy
 89796 | Tomb:1   | Killed a greater mummy
 89801 | Tomb:1   | Killed a greater mummy
 89807 | Tomb:1   | Killed a greater mummy
 89807 | Tomb:1   | Reached skill level 15 in Translocations
 89990 | Tomb:3   | Entered Level 3 of the Tomb of the Ancients
 90062 | Tomb:3   | Noticed a greater mummy
 90093 | Tomb:3   | Noticed a greater mummy
 90223 | Tomb:3   | Noticed a greater mummy
 90226 | Tomb:3   | Noticed a greater mummy
 90249 | Tomb:3   | Noticed a greater mummy
 90256 | Tomb:3   | Noticed a greater mummy
 90260 | Tomb:3   | Noticed a greater mummy
 90382 | Tomb:3   | Noticed a greater mummy
 90384 | Tomb:3   | Killed a greater mummy
 90384 | Tomb:3   | Killed a greater mummy
 90391 | Tomb:3   | The Shining One protects you from harm!
 90557 | Tomb:3   | Noticed a greater mummy
 90558 | Tomb:3   | Killed a greater mummy
 90567 | Tomb:3   | Killed a greater mummy
 90576 | Tomb:3   | Killed a greater mummy
 90577 | Tomb:3   | Found the +8 trident of the Octopus King {venom, rElec
                  | rPois MR+}
 90730 | Tomb:3   | Killed a greater mummy
 90739 | Tomb:3   | Killed a greater mummy
 90748 | Tomb:3   | Killed a greater mummy
 90758 | Tomb:3   | Killed a greater mummy
 90889 | Tomb:3   | Identified a +2 pair of boots of running (You acquired it
                  | on level 3 of the Tomb of the Ancients)
 90934 | Tomb:3   | Got a twitching pewter ring
 90935 | Tomb:3   | Identified the ring "Gojuejeq" {rElec rPois Str+3 Int+3
                  | Dex-5} (You found it on level 3 of the Tomb of the
                  | Ancients)
 90939 | Tomb:3   | Got a steaming ruby amulet
 90940 | Tomb:3   | Identified the amulet "Umully" {Reflect MR+ Int+2 Dex+3
                  | SH+3} (You found it on level 3 of the Tomb of the Ancients)
 91125 | Tomb:3   | Identified the Handbook of Hexes and Moulding
 91244 | Tomb:3   | Got a golden rune of Zot
 92283 | Tar:7    | Identified Sif Muna's Tome of Mutagenic Bewitchment
 92339 | Tar:7    | Learned a level 8 spell: Controlled Blink
 92349 | Tar:7    | Learned a level 9 spell: Shatter
 92516 | Pan      | Entered Pandemonium
 92601 | Pan      | Gained mutation: Your spells are a little easier to cast,
                  | but a little less powerful. [a neqoxec]
 92608 | Pan      | Noticed Ahip the pandemonium lord
 92634 | Pan      | Killed Ahip the pandemonium lord
 92680 | Pan      | Got a demonic rune of Zot
 92955 | Pan      | Reached skill level 25 in Fighting
 93304 | Pan      | Found a white marble altar of Elyvilon.
 94119 | Pan      | Identified the cursed +0 large shield of the Thirteen Runes
                  | {-Tele Int+4 Slay+3}
 94489 | Pan      | Found a glowing silver altar of Zin.
 94844 | Pan      | Identified the ring "Jowa" {+Blink +Fly}
 94925 | Pan      | Found a glowing golden altar of the Shining One.
 94926 | Pan      | Noticed a seraph
 94964 | Pan      | Killed a seraph
 95085 | Pan      | Got a pair of heavily runed gloves
 95096 | Pan      | Identified the -3 pair of gloves of Gyagg {Str+2 Int+4}
                  | (You found it in Pandemonium)
 95139 | Depths:3 | Escaped Pandemonium
 95225 | Pan      | Entered Pandemonium
 95257 | Pan      | Reached skill level 26 in Fighting
 95344 | Pan      | Noticed Fifril the pandemonium lord
 95363 | Pan      | Killed Fifril the pandemonium lord
 95435 | Pan      | Entered the realm of Cerebov.
 95465 | Pan      | Found an exit through the horrors of the Abyss.
 95515 | Pan      | Upgraded the game from 0.24-a0-244-ga6a6ab7 to
                  | 0.24-a0-246-gb963c9a
 95574 | Pan      | Got a polished shield
 95603 | Pan      | Identified the -4 shield of the Sun {*Drain rF++ MP+9} (You
                  | acquired it in Pandemonium)
 96156 | Pan      | Identified the +9 triple sword "Neabaer" {venom, rElec}
 96239 | Pan      | Identified the +12 great mace "Kozxa" {flame, rPois Stlth+}
 96247 | Pan      | Identified the +6 sword of Cerebov {flame}
 96247 | Pan      | Noticed Cerebov
 96484 | Pan      | Got a glittering diamond amulet
 96485 | Pan      | Identified the amulet "Ciut" {Gourm rF+ MR+ Int+4} (You
                  | found it in Pandemonium)
 96654 | Pan      | Got twisted quicksilver dragon scales
 96655 | Pan      | Identified the quicksilver dragon scales of Anarchy {rPois
                  | rN+ MR+ Dex+4} (You found it in Pandemonium)
 96699 | Pan      | Identified the Incunabulum of the Lamprey
 97122 | Pan      | Killed Cerebov
 97185 | Pan      | Got a fiery rune of Zot
 97301 | Pan      | Took an exit into the Abyss.
 97301 | Abyss:1  | Escaped into the Abyss
 97344 | Abyss:1  | Reached skill level 15 in Spellcasting
 97379 | Depths:3 | Escaped the Abyss
 97449 | Pan      | Entered the realm of Gloorx Vloq.
 97449 | Pan      | Entered Pandemonium
 97757 | Pan      | Found an exit through the horrors of the Abyss.
 97969 | Pan      | Noticed Gloorx Vloq
 97980 | Pan      | Killed Gloorx Vloq
 97980 | Pan      | Reached skill level 27 in Fighting
 98058 | Pan      | Got a dark rune of Zot
 98148 | Pan      | Noticed Plog the pandemonium lord
 98168 | Pan      | Killed Plog the pandemonium lord
 98230 | Pan      | Identified the Volume of Unholy Execration
 98401 | Depths:3 | Escaped Pandemonium
 98406 | Pan      | Entered Pandemonium
 98444 | Pan      | Entered the realm of Lom Lobon.
 98702 | Pan      | Found an exit through the horrors of the Abyss.
 99122 | Pan      | Noticed Lom Lobon
 99162 | Pan      | Killed Lom Lobon
 99182 | Pan      | Got a magical rune of Zot
 99292 | Pan      | Reached skill level 10 in Earth Magic
 99394 | Pan      | Entered the realm of Mnoleg.
 99534 | Pan      | Gained mutation: You expend magic power (3 MP) to
                  | strengthen your wands. [a cacodemon]
 99617 | Pan      | Noticed Mnoleg
 99621 | Pan      | Paralysed by a floating eye for 2 turns
 99627 | Pan      | Paralysed by a floating eye for 4 turns
 99635 | Pan      | Paralysed by a floating eye for 2 turns
 99647 | Pan      | Killed Mnoleg
 99725 | Pan      | Got a glowing rune of Zot
 99766 | Pan      | Found an exit through the horrors of the Abyss.
 99772 | Pan      | Took an exit into the Abyss.
 99772 | Abyss:1  | Escaped into the Abyss
 99773 | Abyss:1  | Found a corrupted altar of Lugonu.
 99860 | Abyss:3  | Found a hazy altar of Hepliaklqana.
100046 | Depths:3 | Escaped the Abyss
100369 | D:$      | Got out of the dungeon!

Levels and vault maps discovered:
D:1:      evilmike_arrival_hilbert_curve, layout_basic
D:2:      layout_basic, kennysheep_generic_room_10, uniq_sigmund
D:3:      layout_basic, first_ration, minmay_box_of_dots, uniq_jessica
D:4:      layout_loops_corners, chequers_temple_overflow_minitemple,
          temple_green, grunt_ministairs_2, uniq_pikel, uniq_eustachio,
          uniq_duvessa
D:5:      layout_rooms, kennysheep_little_box, lemuel_doored_altar,
          patterned_corridor, uniq_blork_the_orc
D:6:      minmay_recursive_quarters, layout_cave_pods,
          chequers_serial_rivers_marsh, minmay_misc_feat_diagonals,
          chequers_serial_rivers_small_b, uniq_edmund, uniq_grinder,
          uniq_prince_ribbit1
D:7:      layout_rooms, nicolae_overflow_hidden_temple
D:8:      minmay_diamond_stairs, layout_basic, grunt_pizzeria
D:9:      kennysheep_windowed_halls, layout_irregular_city, david_lair_generic,
          kennysheep_generic_room_12
D:10:     layout_gridville, serial_shops, nicolae_shop_trees, basic_altar,
          uniq_gastronok
D:11:     layout_loops_ring, kennysheep_orc_monster_closet_entryway,
          serial_shops, shop, minmay_microvault, uniq_fannar
D:12:     layout_roguey, kennysheep_generic_room_13, uniq_rupert
D:13:     layout_loops_ring, lightli_vaults_fourway_checkpoint, uniq_snorg
D:14:     layout_loops_ring, nicolae_trove_entry_free_sample,
          minmay_misc_feat_hallway, kennysheep_generic_room_4
D:15:     hangedman_depths_entry_civil_slaughter, layout_rooms, serial_shops,
          nicolae_shop_waterfront, basic_altar, gauntlet_entry_generic,
          uniq_jorgrun
Temple:   eino_temple_scatter_basement
Lair:1:   layout_chaotic_city, grunt_megastairs_3, lemuel_fruit_tree,
          uniq_joseph, uniq_harold
Lair:2:   layout_roguey, st_stairs_13, infiniplex_staircase_pool
Lair:3:   layout_concentric_octagons, nicolae_spider_entry_tight_spaces,
          lemuel_fruit_fields, infiniplex_staircase_pool_2
Lair:4:   layout_regular_city, elwin_shoals_entry_rooms, basic_altar,
          serial_bayou_pond_a, minmay_lair_oklob_chamber, lemuel_fruit_fields
Lair:5:   layout_regular_city, gammafunk_ghost_hydra_chop
Lair:6:   cheibrodos_lair_end_hotspot, layout_gridlike,
          minmay_slime_entry_jelly_boxes
Shoals:1: layout_shoals, nicolae_shoals_drake_roost
Shoals:2: layout_shoals, lemuel_centaur_altar
Shoals:3: layout_shoals, serial_shops, nicolae_shop_stone
Shoals:4: shoals_end_grunt_ice, layout_shoals, serial_shops,
          nicolae_shop_crystal, uniq_polyphemus
Spider:1: layout_spider_delve, uniq_azrael
Spider:2: layout_spider_delve, gammafunk_ghost_grave, minivault_29, uniq_arachne
Spider:3: layout_chambers
Spider:4: spider_rune_water, uniq_nikola, uniq_mara, uniq_donald
Slime:1:  layout_caves
Slime:2:  layout_caves, special_room [special_room_jelly]
Slime:3:  layout_caves
Slime:4:  cheibrodos_slime_lost_civilization_2, layout_caves, basic_altar
Slime:5
Orc:1:    nicolae_orc_accident_3, layout_caves, gammafunk_ghost_grave
Orc:2:    st_orc_ogre_mass, layout_caves, basic_altar
Elf:1:    eino_elf_arrival_sip, layout_gridlike, minmay_elf_necromancy,
          uniq_asterion, uniq_kirke
Elf:2:    layout_geoelf_octagon, portal_ice_cave_entry_horrid_things
Elf:3:    grunt_elf_hall_asides, layout_loops_cross
Vaults:1: vaults_room_grid, dpeg_vaults_waves, hangedman_vaults_cutoff,
          v_misc_23, nicolae_vaults_network_quinsquares
          [nicolae_vaults_network_quincunx_subvault,
          nicolae_vaults_network_quincunx_subvault,
          nicolae_vaults_network_quincunx_subvault,
          nicolae_vaults_network_quincunx_subvault], ontoclasm_vaults_spin,
          v_misc_4, nicolae_vaults_triangles, nicolae_vaults_little_squares_5,
          ontoclasm_vaults_idyll, layout_vaults_omnibox
Vaults:2: hangedman_vaults_pinch, vaults_room_fours, hangedman_vaults_hat,
          v_misc_24, v_rooms_2, ontoclasm_vaults_eye,
          nicolae_vaults_little_squares_6, v_rooms_3, v_alt_pattern_1,
          nicolae_vaults_little_squares_3, special_room_vaults
          [special_room_orc], nicolae_vaults_little_squares_4,
          layout_vaults_maze_snakey, serial_shops, shop
Vaults:3: grunt_vaults_swirl, nicolae_vaults_back_hallway,
          minmay_crypt_entry_simple_sparse, hangedman_vaults_snaps,
          v_alt_pattern_5, ontoclasm_vaults_ring_square,
          nicolae_vaults_three_branches, ontoclasm_vaults_shuriken, v_misc_1,
          nicolae_vaults_little_squares_5, st_lattice, layout_vaults_omnicross,
          serial_shops, shop
Vaults:4: v_alt_pattern_3, vaults_standard_mumra_enter_the_diamond, v_misc_5,
          ontoclasm_vaults_hangar, v_misc_17,
          nicolae_vaults_windows_and_doors_thing,
          nicolae_vaults_network_periphery, vaults_room_large_hall, v_misc_18,
          v_misc_29, ontoclasm_vaults_gallery, layout_vaults_ring, serial_shops,
          bzr_entry_gold
Vaults:5
Crypt:1:  layout_gridlike
Crypt:2:  layout_catacombs
Crypt:3:  david_glass_crypt, layout_gridlike, tomb_entry_simple_bobbens,
          lemuel_freeze_loot_1
Tomb:1
Tomb:2
Tomb:3
Depths:1: layout_cave_pools, minmay_misc_feat_cross, abyss_entry, hell_entry,
          minmay_misc_feat_more_columns, tso_metal_star, minmay_shop_star
Depths:2: gammafunk_mikee_crab_dinner, layout_honeycomb, enter_ziggurat_b,
          chequers_big_river, rand_demon_pan_entry_8, hell_entry,
          serial_bayou_lake_a
Depths:3: nooodl_glass_maze, layout_cave_shapes, pan_entry,
          serial_bayou_lagoon_a, hell_entry, guppyfry_shop_earth, uniq_boris
Depths:4: grunt_bent_corner, layout_basic, chequers_serial_rivers_room_a,
          abyss_entry, hell_entry, infiniplex_staircase_zigzag_4,
          kennysheep_random_hallway, uniq_xtahua
Depths:5: evilmike_zot_entry_diamond, layout_gridlike, dk_noncrumbling_2,
          hell_entry, pan_entry, serial_bayou_shore_a, uniq_sojobo,
          uniq_saint_roka
Hell
Dis:1:    hangedman_dis_monolith, layout_regular_city
Dis:2:    layout_subdivisions
Dis:3:    layout_chaotic_city, nicolae_dis_iron_filings
Dis:4:    layout_regular_city
Dis:5:    layout_regular_city
Dis:6:    layout_overlapping_boxes, grunt_megastairs_2
Dis:7:    iron_city_of_dis [dis_grunt, dis_wall_8], layout_chaotic_city
Geh:1:    layout_gehenna_pools_triple, hangedman_elemental_grid_stream
Geh:2:    layout_gehenna_pools_box
Geh:3:    layout_gehenna_lava_caves
Geh:4:    layout_gehenna_pools_box, grunt_megastairs_4
Geh:5:    layout_gehenna_lava_caves
Geh:6:    layout_gehenna_pools_triple
Geh:7:    geh_mu
Coc:1:    layout_cocytus_water_paths
Coc:2:    layout_cocytus_water_paths
Coc:3:    layout_cocytus_water_paths
Coc:4:    layout_ice_bergs
Coc:5:    layout_cocytus_water_paths
Coc:6:    layout_ice_bergs
Coc:7:    coc_grunt_cove [coc_grunt_cove_antaeus, coc_grunt_cove_fiend,
          coc_grunt_cove_fiend, coc_grunt_cove_fiend, coc_grunt_cove_fiend]
Tar:1:    layout_catacombs
Tar:2:    layout_honeycomb
Tar:3:    layout_catacombs
Tar:4:    layout_catacombs, hangedman_tartarus_temple_path
Tar:5:    layout_grid_maze
Tar:6:    layout_grid_maze
Tar:7:    tar_mu [tar_mu_maze]
Zot:1:    layout_twisted_circle
Zot:2:    layout_misc_corridors, door_vault
Zot:3:    circus_mu, layout_twisted_circle, bh_zot_levy_curve
Zot:4:    layout_cathedral_of_symmetry
Zot:5:    layout_cathedral_of_symmetry, gammafunk_ghost_arena
Abyss:1
Abyss:2:  hangedman_abyss_exit_choices, hangedman_cross_veins
Abyss:3:  minivault_4, guppyfry_abyss_exit_imp_island
Pan:      evilmike_mnoleg_eyes, layout_long_grid, reaverb_pan_chaos_star
Bazaar:   bazaar_minmay_row
Trove:    trove_books_scrolls
IceCv:    ice_cave_small_demon
Gauntlet: minmay_gauntlet_mixed_big_or_small [gammafunk_gauntlet_arena_teeth,
          minmay_gauntlet_arena_77_path,
          minmay_gauntlet_arena_make_your_own_arena,
          minmay_gauntlet_arena_77_mess, nicolae_gauntlet_arena_flowing_pool,
          minmay_gauntlet_arena_77_mirror, gauntlet_exit_green]

Skill      XL: |  1  2  3  4  5  6  7  8  9 10 11 12 13 14 15 16 17 18 19 20 21 22 23 24 25 26 27 |
---------------+----------------------------------------------------------------------------------+-----
Fighting       | 4 6 7 9 11 12 13 14 15 16 17 18 19 20 27 | 27.0
Maces & Flails | 4 5 7 8 10 11 12 13 14 15 16 17 18 25 | 25.3
Armour         | 3 4 5 6 8 10 11 12 13 14 15 16 17 18 19 21 | 21.0
Dodging        | 2 3 4 6 8 9 10 11 12 13 16 | 16.0
Shields        | 2 3 4 5 7 9 11 13 14 15 16 17 18 19 21 | 21.1
Throwing       | 2 4 5 6 8 9 10 11 12 13 14 15 | 15.1
Evocations     | 2 4 5 6 8 9 10 11 12 13 14 15 16 17 | 17.0
Stealth        | 6 9 11 12 14 15 16 | 16.1
Axes           | 4 7 9 10 11 19 | 19.9
Invocations    | 4 21 | 21.9
Spellcasting   | 2 15 | 15.0
Translocations | 2 16 | 16.3
Hexes          | 19 | 19.0
Charms         | 9 |  9.3
Earth Magic    | 11 | 11.1
Transmutations | 5 |  5.0
Air Magic      | 14 | 14.0

Action                   |  1- 3 |  4- 6 |  7- 9 | 10-12 | 13-15 | 16-18 | 19-21 | 22-24 | 25-27 || total
-------------------------+-------+-------+-------+-------+-------+-------+-------+-------+-------++-------
Melee: Mace              |    67 |   153 |     1 |       |       |       |       |       |       ||   221
       Whip              |       |       |   560 |  1618 |       |       |       |       |       ||  2178
       Flail             |       |       |       |    90 |  1650 |  2187 |  1869 |  2719 |  1245 ||  9760
       Morningstar       |       |       |       |       |    22 |       |   370 |    45 |  1612 ||  2049
       Demon whip        |       |       |       |       |    17 |    12 |       |       |       ||    29
       Unarmed           |       |       |       |       |       |       |     4 |       |       ||     4
       Eveningstar       |       |       |       |       |       |       |       |    38 |   338 ||   376
       Sacred scourge    |       |       |       |       |       |       |       |       |  5390 ||  5390
       Broad axe         |       |       |       |       |       |       |       |       |  2509 ||  2509
       Headbutt          |       |       |       |       |       |       |       |       |   747 ||   747
 Fire: Hunting sling     |       |       |    18 |    29 |     8 |   251 |   294 |     6 |   206 ||   812
Throw: Stone             |       |       |     1 |     3 |       |       |       |       |       ||     4
       Javelin           |       |       |       |       |     7 |    83 |    50 |    90 |   145 ||   375
       Throwing net      |       |       |       |       |       |     2 |       |     1 |     7 ||    10
 Cast: Spectral Weapon   |       |       |       |       |       |       |       |       |   144 ||   144
       Lesser Beckoning  |       |       |       |       |       |       |       |       |    29 ||    29
       Shroud of Golubri |       |       |       |       |       |       |       |       |    19 ||    19
       Apportation       |       |       |       |       |       |       |       |       |    14 ||    14
       Song of Slaying   |       |       |       |       |       |       |       |       |     7 ||     7
       Blink             |       |       |       |       |       |       |       |       |     6 ||     6
       Summon Butterflie |       |       |       |       |       |       |       |       |     1 ||     1
       Silence           |       |       |       |       |       |       |       |       |     1 ||     1
Invok: Berserk           |     2 |     1 |     7 |    14 |     9 |     8 |     4 |     3 |     7 ||    55
       Brothers in Arms  |       |       |       |     1 |     1 |     6 |     4 |     2 |    10 ||    24
       Trog's Hand       |       |       |       |     1 |       |     3 |     5 |     4 |     5 ||    18
       Cleansing Flame   |       |       |       |       |       |       |       |       |    48 ||    48
       Divine Shield     |       |       |       |       |       |       |       |       |     6 ||     6
       Summon Divine War |       |       |       |       |       |       |       |       |     2 ||     2
       Brand Weapon With |       |       |       |       |       |       |       |       |     1 ||     1
 Abil: Fly               |       |       |       |       |     1 |       |       |       |     2 ||     3
       Stop Flying       |       |       |       |       |       |       |       |     1 |     1 ||     2
Evoke: Wand              |       |       |       |     8 |       |    23 |    15 |     6 |    33 ||    85
       Lightning rod     |       |       |       |       |       |     3 |     6 |    15 |     4 ||    28
       Phial of floods   |       |       |       |       |       |     1 |     2 |     4 |     2 ||     9
       Phantom mirror    |       |       |       |       |       |       |       |     1 |     3 ||     4
       Sack of spiders   |       |       |       |       |       |       |       |       |     5 ||     5
       Lamp of fire      |       |       |       |       |       |       |       |       |     4 ||     4
       Box of beasts     |       |       |       |       |       |       |       |       |     4 ||     4
  Use: Scroll            |       |     3 |     6 |    10 |    13 |    12 |    17 |    16 |    75 ||   152
       Potion            |       |       |       |       |       |     4 |     3 |       |    36 ||    43
 Stab: Distracted        |       |       |       |       |     1 |       |     2 |     1 |     2 ||     6
       Paralysed         |       |       |       |       |       |    16 |       |       |       ||    16
       Held in net/web   |       |       |       |       |       |     5 |       |     2 |     1 ||     8
       Petrifying        |       |       |       |       |       |       |     1 |       |       ||     1
       Sleeping          |       |       |       |       |       |       |       |     2 |       ||     2
  Eat: Chunk             |       |     7 |    18 |    32 |    39 |    29 |    38 |    39 |    70 ||   272
       Ration            |       |       |       |     1 |     2 |     5 |     2 |     1 |    35 ||    46
Armor: Animal skin       |    35 |    35 |       |       |       |       |       |       |       ||    70
       Leather armour    |       |    38 |       |       |       |       |       |       |       ||    38
       Chain mail        |       |    14 |   228 |   161 |   187 |   121 |       |       |       ||   711
       Plate armour      |       |       |       |   417 |   354 |  1120 |   605 |   671 |       ||  3167
       Troll leather arm |       |       |       |       |       |       |     4 |     8 |    48 ||    60
       Skin              |       |       |       |       |       |       |       |    15 |     3 ||    18
       Gold dragon scale |       |       |       |       |       |       |       |   248 |  4053 ||  4301
       Ring mail         |       |       |       |       |       |       |       |       |    92 ||    92
Dodge: Dodged            |    67 |   127 |   114 |   278 |   332 |   641 |   430 |   581 |  2520 ||  5090
Block: Shield            |       |    10 |   182 |   750 |  1571 |  2788 |  2046 |   263 |       ||  7610
       Reflection        |       |       |       |    20 |    60 |    92 |   159 |    66 |   292 ||   689
       Other             |       |       |       |       |       |       |     1 |       |       ||     1
       Large shield      |       |       |       |       |       |       |       |  2727 | 12982 || 15709

Table legend:
 A = Non-vault XP
 B = Vault XP
 C = Vault XP percentage of total XP
 D = Non-vault monster count
 E = Vault monster count
 F = Vault count percentage of total count
                 A         B        C        D         E       F
            +---------+---------+-------+---------+---------+-------
      Total | 2058013 | 2072467 |  50.2 |    3404 |    1728 |  33.7
            +---------+---------+-------+---------+---------+-------
        D:1 |      56 |       0 |   0.0 |      31 |       0 |   0.0
        D:2 |      31 |     218 |  87.6 |      17 |       3 |  15.0
        D:3 |      54 |     249 |  82.2 |      12 |       4 |  25.0
        D:4 |     312 |     937 |  75.0 |      16 |       4 |  20.0
        D:5 |     420 |      91 |  17.8 |      15 |       1 |   6.2
        D:6 |     459 |    1108 |  70.7 |       7 |      11 |  61.1
        D:7 |    1525 |       0 |   0.0 |      26 |       0 |   0.0
        D:8 |    1000 |    2256 |  69.3 |      10 |       9 |  47.4
        D:9 |     692 |    3037 |  81.4 |      11 |      18 |  62.1
       D:10 |    2503 |    2161 |  46.3 |      20 |       1 |   4.8
       D:11 |    5116 |    3542 |  40.9 |      63 |      22 |  25.9
       D:12 |    4317 |    3235 |  42.8 |      27 |       3 |  10.0
       D:13 |    6372 |    7609 |  54.4 |      38 |      13 |  25.5
       D:14 |    9399 |       0 |   0.0 |      30 |       0 |   0.0
       D:15 |   12947 |    7611 |  37.0 |      29 |       7 |  19.4
     Lair:1 |    2780 |    1820 |  39.6 |      17 |       5 |  22.7
     Lair:2 |    3608 |     546 |  13.1 |      17 |       2 |  10.5
     Lair:3 |    2555 |    2698 |  51.4 |      13 |      11 |  45.8
     Lair:4 |     824 |     932 |  53.1 |       8 |       3 |  27.3
     Lair:5 |    6613 |    3457 |  34.3 |      27 |       3 |  10.0
     Lair:6 |   15764 |    6257 |  28.4 |      55 |      38 |  40.9
   Shoals:1 |   14641 |    2005 |  12.0 |      30 |       7 |  18.9
   Shoals:2 |   13204 |     448 |   3.3 |      26 |       4 |  13.3
   Shoals:3 |    9014 |    2727 |  23.2 |      16 |       3 |  15.8
   Shoals:4 |   11874 |   20985 |  63.9 |      27 |      30 |  52.6
   Spider:1 |   15043 |    2237 |  12.9 |      46 |       7 |  13.2
   Spider:2 |    7071 |   14109 |  66.6 |      24 |      47 |  66.2
   Spider:3 |   17865 |       0 |   0.0 |      42 |       0 |   0.0
   Spider:4 |   17289 |   34288 |  66.5 |      44 |      47 |  51.6
    Slime:1 |   16312 |    6888 |  29.7 |      35 |       5 |  12.5
    Slime:2 |    7289 |   14910 |  67.2 |      21 |      15 |  41.7
    Slime:3 |    3415 |       0 |   0.0 |       9 |       0 |   0.0
    Slime:4 |   10343 |       0 |   0.0 |      22 |       0 |   0.0
    Slime:5 |   27207 |   36296 |  57.2 |      45 |      15 |  25.0
      Orc:1 |    2958 |    1385 |  31.9 |      45 |       7 |  13.5
      Orc:2 |    4034 |   15558 |  79.4 |      21 |      39 |  65.0
      Elf:1 |   19432 |   11176 |  36.5 |      45 |      20 |  30.8
      Elf:2 |   15038 |   24873 |  62.3 |      25 |      37 |  59.7
      Elf:3 |   20258 |   39777 |  66.3 |      31 |      27 |  46.6
   Vaults:1 |   15465 |   28603 |  64.9 |      39 |      43 |  52.4
   Vaults:2 |   35733 |   18548 |  34.2 |      72 |      52 |  41.9
   Vaults:3 |   28501 |   22987 |  44.6 |      43 |      44 |  50.6
   Vaults:4 |   52830 |   60027 |  53.2 |      72 |      55 |  43.3
   Vaults:5 |   32788 |  140680 |  81.1 |      42 |      73 |  63.5
    Crypt:1 |   25444 |       0 |   0.0 |      30 |       0 |   0.0
    Crypt:2 |   44641 |       0 |   0.0 |      62 |       0 |   0.0
    Crypt:3 |   39798 |   35512 |  47.2 |      49 |      19 |  27.9
     Tomb:1 |   20104 |  180828 |  90.0 |      38 |      74 |  66.1
     Tomb:2 |    8573 |   51906 |  85.8 |      20 |      42 |  67.7
     Tomb:3 |    8772 |   77539 |  89.8 |      27 |      58 |  68.2
   Depths:1 |   28231 |    3500 |  11.0 |      42 |       7 |  14.3
   Depths:2 |   39352 |   11061 |  21.9 |      64 |      19 |  22.9
   Depths:3 |   27828 |   23700 |  46.0 |      36 |      14 |  28.0
   Depths:4 |   36432 |   95270 |  72.3 |      45 |      77 |  63.1
   Depths:5 |   39039 |   30254 |  43.7 |      44 |      19 |  30.2
       Hell |    8408 |   30631 |  78.5 |      16 |      43 |  72.9
      Dis:1 |    4368 |       0 |   0.0 |      11 |       0 |   0.0
      Dis:2 |    6049 |       0 |   0.0 |      12 |       0 |   0.0
      Dis:3 |    9978 |       0 |   0.0 |      19 |       0 |   0.0
      Dis:4 |   10447 |       0 |   0.0 |      22 |       0 |   0.0
      Dis:5 |   19280 |       0 |   0.0 |      29 |       0 |   0.0
      Dis:6 |    9602 |     678 |   6.6 |      19 |       5 |  20.8
      Dis:7 |   64070 |  122048 |  65.6 |      77 |      87 |  53.0
      Geh:1 |   17848 |       0 |   0.0 |      43 |       0 |   0.0
      Geh:2 |    4032 |       0 |   0.0 |       3 |       0 |   0.0
      Geh:3 |     874 |       0 |   0.0 |       3 |       0 |   0.0
      Geh:4 |   12591 |       0 |   0.0 |      20 |       0 |   0.0
      Geh:5 |   19260 |       0 |   0.0 |      31 |       0 |   0.0
      Geh:6 |    4469 |       0 |   0.0 |      13 |       0 |   0.0
      Geh:7 |   62325 |   57033 |  47.8 |     111 |      38 |  25.5
      Coc:1 |   15594 |       0 |   0.0 |      28 |       0 |   0.0
      Coc:2 |   17226 |       0 |   0.0 |      30 |       0 |   0.0
      Coc:3 |   24465 |       0 |   0.0 |      19 |       0 |   0.0
      Coc:4 |   33968 |       0 |   0.0 |      39 |       0 |   0.0
      Coc:5 |   14958 |       0 |   0.0 |      41 |       0 |   0.0
      Coc:6 |    4560 |       0 |   0.0 |      14 |       0 |   0.0
      Coc:7 |   82746 |   79873 |  49.1 |      90 |      69 |  43.4
      Tar:1 |    8052 |       0 |   0.0 |      11 |       0 |   0.0
      Tar:2 |    4544 |       0 |   0.0 |       7 |       0 |   0.0
      Tar:3 |   25094 |       0 |   0.0 |      54 |       0 |   0.0
      Tar:4 |   38983 |       0 |   0.0 |      45 |       0 |   0.0
      Tar:5 |   21157 |       0 |   0.0 |      27 |       0 |   0.0
      Tar:6 |   10721 |       0 |   0.0 |      24 |       0 |   0.0
      Tar:7 |  152460 |  150269 |  49.6 |     171 |     103 |  37.6
      Zot:1 |   45520 |   34765 |  43.3 |      31 |       8 |  20.5
      Zot:2 |   52384 |   12106 |  18.8 |      32 |       6 |  15.8
      Zot:3 |   62279 |   22054 |  26.2 |      41 |      19 |  31.7
      Zot:4 |   43060 |       0 |   0.0 |      27 |       0 |   0.0
      Zot:5 |   31022 |  211770 |  87.2 |      21 |      55 |  72.4
    Abyss:1 |   51131 |       0 |   0.0 |      96 |       0 |   0.0
    Abyss:2 |   25364 |    5309 |  17.3 |      47 |      12 |  20.3
    Abyss:3 |   18463 |    9664 |  34.4 |      49 |      12 |  19.7
        Pan |  227496 |  268435 |  54.1 |     263 |     159 |  37.7
      IceCv |       0 |    6822 | 100.0 |       0 |      31 | 100.0
   Gauntlet |       0 |    5169 | 100.0 |       0 |      17 | 100.0
            +---------+---------+-------+---------+---------+-------
